 Dungeon Crawl Stone Soup version 0.32-a0-485-g70f7560b1c (webtiles) character file.

Game seed: 3385896263138894419

1902248 ragingrage the Shatterer (level 27, 145/301 HPs)
             Began as a Naga Chaos Knight on Feb 27, 2024.
             Was a Favourite Plaything of Xom.
             Escaped with the Orb
             ... and 4 runes!
             The game lasted 02:07:23 (101626 turns).

ragingrage the Shatterer (Naga Chaos Knight)      Turns: 101626, Time: 02:07:24

Health: 145/301    AC: 40    Str: 23    XL:     27
Magic:  27/35      EV: 15    Int: 19    God:    Xom [......]
Gold:   10709      SH: 20    Dex: 11    Spells: 8/42 levels left

rFire   + + +        a - +9 eveningstar (heavy)
rCold   . . .        T - +5 Storm Queen's Shield {shock, Fly rElec}
rNeg    + . .        R - +4 robe of the Dragon {rN+ rCorr Archmagi}
rPois   +            (helmet restricted)
rElec   +            N - +2 cloak
rCorr   +            t - +2 pair of gloves of the Divine Jabberwock {Int+3 Dex+2 Stlth+}
SInv    +            i - +4 barding {rF+}
Will    +++..        g - amulet of Wotzih {rPois rF++ Regen+ rCorr Stlth+}
Stlth   +++          o - ring "Mimeeck" {rPois rF+ Dex-2 Slay+4}
HPRegen 1.50/turn    X - +5 ring of evasion
MPRegen 0.24/turn

%: clarity, archmagi
@: frozen, flying, hasted, slow
A: AC +9, large, see invisible, deformed body, poison resistance, slowness 2,
spit poison 1, naga tail 2, claws 1, horns 1, stinger 2, iridescent scales 3,
clarity, clumsy 1, fire resistance 2, sense surroundings 1, robust 1, no potion
heal 1, persistent drain
0: Orb of Zot
}: 4/15 runes: barnacled, slimy, silver, gossamer
a: Spit Poison, Renounce Religion


You escaped.
You worshipped Xom.
You were a very special plaything of Xom.
You visited 11 branches of the dungeon, and saw 53 of its levels.
You visited the Abyss 2 times.
You visited 1 ziggurat, and saw 7 of its levels.
You also visited: Trove, Gauntlet and Wizlab.

You collected 13862 gold pieces.
You spent 3153 gold pieces at shops.

Inventory:

Hand Weapons
 a - a +9 heavy eveningstar (weapon)
Missiles
 p - 16 silver javelins
 C - 3 throwing nets
 F - 13 datura-tipped darts
 Z - 22 javelins
Armour
 i - a +4 barding of fire resistance (worn)
 t - the +2 pair of gloves of the Divine Jabberwock (worn) {Int+3 Dex+2 Stlth+}
   (You found it on level 1 of the Shoals)

   Int+3:     It affects your intelligence (+3).
   Dex+2:     It affects your dexterity (+2).
   Stlth+:    It makes you more stealthy.
 u - the +8 orange crystal plate armour {Archmagi, Int+3 Clar}
   (You acquired it on level 6 of a ziggurat)

   Int+3:     It affects your intelligence (+3).
   Clar:      It protects you from confusion, rage, mesmerisation and fear.
 y - the +12 plate armour "Raesmiod" {rF+ Dex+2}
   (You acquired it on level 3 of the Realm of Zot)

   Dex+2:     It affects your dexterity (+2).
   rF+:       It protects you from fire.
 N - a +2 cloak (worn)
 R - the +4 robe of the Dragon (worn) {rN+ rCorr Archmagi}
   (You took it off Boris on level 4 of the Vaults)

   rN+:       It protects you from negative energy.
   rCorr:     It protects you from acid and corrosion.
   Archmagi:  It increases the power of your magical spells.
 T - the +5 Storm Queen's Shield (worn) {shock, Fly rElec}
   (Xom gifted it to you on level 2 of the Lair of Beasts)

   Shock:     When it blocks an attack, it may electrocute the attacker.
   This works even against foes who are a short distance away.
   rElec:     It insulates you from electricity.
   Fly:       It grants you flight.
Jewellery
 g - the amulet of Wotzih (around neck) {rPois rF++ Regen+ rCorr Stlth+}
   (You found it in a treasure trove)

   [amulet of regeneration]

   rF++:      It greatly protects you from fire.
   rPois:     It protects you from poison Regen+: It increases your rate of
   health regeneration.
   rCorr:     It protects you from acid and corrosion.
   Stlth+:    It makes you more stealthy.
 o - the ring "Mimeeck" (left hand) {rPois rF+ Dex-2 Slay+4}
   (You found it on level 5 of the Pits of Slime)

   [ring of protection from fire]

   Dex-2:     It affects your dexterity (-2).
   Slay+4:    It affects your accuracy & damage with ranged weapons and melee
   (+4).
   rF+:       It protects you from fire.
   rPois:     It protects you from poison
 X - a +5 ring of evasion (right hand)
Talismans
 I - a talisman of death
Wands
 B - a wand of roots (72)
 D - a wand of acid (51)
 G - a wand of digging (6)
 V - a wand of paralysis (46)
Scrolls
 c - 6 scrolls of poison
 f - a scroll of blinking
 k - 7 scrolls of fog
 l - 6 scrolls of noise
 n - 6 scrolls of butterflies
 r - 2 scrolls of silence
 w - 10 scrolls of revelation
 x - 31 scrolls of teleportation
 E - 12 scrolls of fear
 K - 7 scrolls of vulnerability
 L - 6 scrolls of immolation
 S - 2 scrolls of enchant weapon
Potions
 b - 11 potions of enlightenment
 e - 11 potions of brilliance
 h - 7 potions of resistance
 q - 5 potions of magic
 s - 5 potions of lignification
 v - 22 potions of curing
 z - 9 potions of heal wounds
 A - 8 potions of might
 H - 6 potions of invisibility
 J - 3 potions of cancellation
 P - 10 potions of mutation
 Q - 2 potions of haste
 U - 7 potions of ambrosia
 Y - 2 potions of berserk rage
Miscellaneous
 d - a lightning rod (4/4)
 j - a phial of floods
 m - a phantom mirror
 M - a sack of spiders
 O - a box of beasts
 W - a condenser vane


   Skills:
 - Level 21.6 Fighting
 - Level 4.0 Long Blades
 - Level 22.0 Maces & Flails
 - Level 16.0 Throwing
 + Level 16.5 Armour
 - Level 9.1 Dodging
 - Level 15.0 Stealth
 + Level 20.5 Shields
 - Level 8.0 Spellcasting
 - Level 11.0 Necromancy
 - Level 16.0 Translocations
 - Level 7.1 Air Magic
 - Level 4.1 Earth Magic
 - Level 15.1 Evocations


You had 8 spell levels left.
You knew the following spells:

 Your Spells              Type           Power      Damage    Failure   Level
a - Fugue of the Fallen   Necr           65%        N/A       1%          3
b - Manifold Assault      Tloc           80%        N/A       1%          4
c - Irradiate             Conj/Alch      5%         3d13      97%         5
d - Blink                 Tloc           100%       N/A       1%          2
e - Dispersal             Tloc           40%        N/A       2%          6
f - Vhi's Electric Charg  Tloc/Air       100%       N/A       1%          4
g - Apportation           Tloc           100%       N/A       0%          1
h - Passwall              Erth           35%        N/A       6%          3
i - Death Channel         Necr           32%        N/A       19%         6

Your spell library contained the following spells:

 Spells                   Type           Power      Damage    Failure   Level
 Kiss of Death            Conj/Necr      100%       2d13      1%          1
 Necrotise                Necr           100%       1d9       1%          1
 Sandblast                Erth           70%        2d15      1%          1
 Cigotuvi's Dreadful Rot  Necr/Alch/Air  90%        N/A       1%          2
 Lesser Beckoning         Tloc           100%       N/A       1%          2
 Sublimation of Blood     Necr           65%        N/A       1%          2
 Gell's Gravitas          Tloc           80%        N/A       1%          3
 Swiftness                Air            51%        N/A       1%          3
 Teleport Other           Tloc           80%        N/A       1%          3
 Vampiric Draining        Necr           65%        2d10      1%          3
 Volatile Blastmotes      Fire/Tloc      100%       2d18      1%          3
 Animate Dead             Necr           65%        N/A       1%          4
 Static Discharge         Conj/Air       62%        3-6/arc   3%          2
 Curse of Agony           Necr           65%        N/A       3%          5
 Dimensional Bullseye     Hex/Tloc       27%        N/A       4%          4
 Iskenderun's Mystic Bla  Conj/Tloc      54%        2d12      4%          4
 Airstrike                Air            25%        2d(4-20)  6%          4
 Magic Dart               Conj           44%        1d5       11%         1
 Sting                    Conj/Alch      44%        1d5       11%         1
 Summon Small Mammal      Summ           44%        N/A       11%         1
 Anguish                  Hex/Necr       21%        N/A       12%         4
 Martyr's Knell           Necr/Summ      42%        N/A       12%         4
 Summon Forest            Summ/Tloc      27%        N/A       12%         5
 Mephitic Cloud           Conj/Alch/Air  25%        N/A       13%         3
 Stone Arrow              Conj/Erth      46%        3d9       14%         3
 Borgnjor's Vile Clutch   Necr/Erth      26%        N/A       14%         5
 Call Imp                 Summ           22%        N/A       17%         2
 Ensorcelled Hibernation  Hex/Ice        22%        N/A       17%         2
 Jinxbite                 Hex            22%        N/A       17%         2
 Summon Lightning Spire   Summ/Air       31%        N/A       26%         4
 Call Canine Familiar     Summ           11%        N/A       32%         3
 Dazzling Flash           Conj/Hex       22%        N/A       32%         3
 Frozen Ramparts          Ice            22%        1d4       32%         3
 Inner Flame              Hex/Fire       11%        N/A       32%         3
 Ozocubu's Armour         Ice            11%        N/A       32%         3
 Sigil of Binding         Hex            11%        N/A       32%         3
 Animate Armour           Summ/Erth      46%        N/A       43%         4
 Brom's Barrelling Bould  Conj/Erth      23%        2d4       43%         4
 Leda's Liquefaction      Alch/Erth      11%        N/A       43%         4
 Petrify                  Alch/Erth      23%        N/A       43%         4
 Silence                  Hex/Air        15%        N/A       56%         5
 Disjunction              Tloc           40%        N/A       71%         8
 Flame Wave               Conj/Fire      11%        2d6       73%         4
 Fulminant Prism          Conj/Alch      5%         3d7       73%         4
 Ignite Poison            Fire/Alch      11%        N/A       73%         4
 Olgreb's Toxic Radiance  Alch           11%        N/A       73%         4
 Sticky Flame             Fire/Alch      11%        2d5       73%         4
 Summon Blazeheart Golem  Fire/Summ      11%        N/A       73%         4
 Alistair's Intoxication  Alch           7%         N/A       97%         5
 Iskenderun's Battlesphe  Conj           11%        2d7       97%         5
 Metabolic Englaciation   Hex/Ice        5%         N/A       97%         5
 Summon Mana Viper        Hex/Summ       11%        N/A       97%         5
 Yara's Violent Unravell  Hex/Alch       5%         3d4       97%         5
 Conjure Ball Lightning   Conj/Air       15%        3x3d6     98%         6
 Bombard                  Conj/Erth      11%        9d3       100%        6
 Starburst                Conj/Fire      5%         6d4       100%        6
 Summon Cactus Giant      Summ           5%         N/A       100%        6
 Enfeeble                 Hex            5%         N/A       100%        7
 Haunt                    Necr/Summ      21%        N/A       100%        7
 Orb of Destruction       Conj           5%         9d5       100%        7
 Ozocubu's Refrigeration  Ice            5%         4d8       100%        7
 Spellforged Servitor     Conj/Summ      5%         N/A       100%        7
 Borgnjor's Revivificati  Necr           32%        N/A       100%        8
 Discord                  Hex            5%         N/A       100%        8
 Ignition                 Fire           5%         3d4       100%        8
 Infestation              Necr           32%        N/A       100%        8
 Lehudib's Crystal Spear  Conj/Erth      11%        10d4      100%        8
 Fire Storm               Conj/Fire      5%         8d2       100%        9
 Polar Vortex             Ice            5%         N/A       100%        9


Dungeon Overview and Level Annotations

Branches:
Dungeon (15/15)            Temple (1/1) D:6            Lair (5/5) D:10
 Shoals (4/4) Lair:3       Spider (4/4) Lair:3        Slime (5/5) Lair:5
    Orc (2/2) D:12            Elf (3/3) Orc:2        Vaults (5/5) D:13
  Crypt (0/3) Vaults:3     Depths (4/4) D:15            Zot (5/5) Depths:4
 WizLab (visited)         Gauntlet (visited)

Altars:
Ashenzari
Cheibriados
Dithmenos
Elyvilon
Fedhas
Gozag
Hepliaklqana
Kikubaaqudgha
Makhleb
Nemelex Xobeh
Okawaru
Qazlal
Ru
Sif Muna
Trog
Uskayaw
Vehumet
Wu Jian
Xom
Yredelemnul
Zin
The Shining One
Beogh
Jiyva

Shops:
D:2 !   Orc:2 [(**   Elf:3 [(   Vaults:1 ?   Vaults:5 ?   Depths:1 :
Depths:4 (

Portals:
Hell: Lair:5 Depths:1 Depths:2 Depths:3 Depths:4
Abyss: Depths:3
Pandemonium: Depths:2

Annotations:
D:2 Natasha
D:12 Gangsterbeez's ghost, adept MiFi
Temple 2 transporters
Shoals:2 exclusion: downstairs
Shoals:3 exclusion: merfolk siren, Ilsuiw; Nikola
Vaults:2 37 runed translucent doors, Kevimi's ghost, adept FeNe
Depths:1 3 runed translucent doors, CougarLife's ghost, adept GrEE


Innate Abilities, Weirdness & Mutations

Your serpentine skin is tough. (AC +9)
You have supernaturally acute eyesight. (SInv)
Armour fits poorly on your strangely shaped body.
Your system is resistant to poisons. (rPois)
You cover ground very slowly.
You can spit poison.
You can use your snake-like lower body to constrict enemies.
You have sharp fingernails.
You have a pair of small horns on your head.
Your tail ends in a sharp venomous barb.
You are completely covered in iridescent scales. (AC +6)
You possess an exceptional clarity of mind.
You are clumsy. (Dex -2)
Your flesh is very heat resistant. (rF++)
You passively map a small area around you.
You are robust. (+10% HP)
Potions are less effective at restoring your health.
Your health recovers twice as slowly from being drained.


Message History

Things that are here:
a jackal skeleton; a jackal skeleton You block the Orb Guardian's attack.
The Orb Guardian hits you but does no damage.
You block the Orb Guardian's attack.
Your shield discharges, shocking the Orb Guardian!
A Siopano, a lich and a hellwing come into view.
Press: ? - help, v - describe, . - travel
Here: Siopano The floor.
You feel yourself speed up.
The hellwing gives a chilling moan.
The Orb Guardian hits you but does no damage.
You block the Orb Guardian's attack.
The Orb Guardian attacks as it pursues you!
You block the Orb Guardian's attack.
Blink to where?
Press: ? - help, Dir - move target
As you read the scroll of blinking, it crumbles to dust.
Casting: Manifold Assault (safe; 1% risk of failure)
Press: ? - help, Q - select action, (/) - cycle Dir - look around, f - activate You feel a surge of power!
Space momentarily warps into an impossible shape!
You impale the hellwing!! You puncture the Orb Guardian! You sock the lich!
Casting: Manifold Assault (safe; 1% risk of failure)
Press: ? - help, Q - select action, (/) - cycle Dir - look around, f - activate You feel a surge of power!
Space momentarily warps into an impossible shape!
You puncture the lich! You impale the Orb Guardian!! You puncture the hellwing!
Siopano gestures at you.
Siopano conjures a mighty blast of ice!
The great icy blast engulfs the hellwing!!!!
The hellwing is frozen into a solid block of ice!
The hellwing dies!
The great icy blast engulfs you!!!!
You are encased in ice.
You are engulfed in freezing vapours.
Siopano gestures at you.
Siopano conjures a mighty blast of ice!
The great icy blast engulfs you!!!!
You have escaped!

.#####......#......†#........#
....÷........#.....#......##.#
#####........#....)#.......#.#
..# #.........#...#........).#
..###...#....X#...#.....#....#
#........##.L&I#.#....##.....#
...........##§§§§§§○##.....#.###
..####.......#§§§§§#...........##
..# ##........§§@§§§.............
..# #........#§§§§☼#........##.##
..# #......##.§§§§§§##.........##
..# #....##...☼#§#☼§..##.......##
..# #...#.....#...#.....#......##
..# #.........#...#.........#.###
..###...(....#.....#.............
.............#.....#......###.###
............#.......#.....###.###


You could see Siopano, an Orb Guardian and a lich.

Vanquished Creatures
  the Royal Jelly (Slime:5)
  4 dread liches
  An ancient lich (Zot:5)
  4 orbs of fire
  Mennas (Vaults:2)
  Xtahua (Vaults:5)
  Boris (twice) (Vaults:3 Vaults:4)
  13 Killer Klowns
  Bai Suzhen (Spider:4)
  Saint Roka (Vaults:4)
  Vv (Zot:3)
  4 curse toes
  2 caustic shrikes
  17 golden dragons
  Norris (Vaults:3)
  A pandemonium lord (D:13)
  A bone dragon (Depths:4)
  Arachne (Spider:2)
  6 electric golems
  Rupert (Lair:3)
  15 tentacled monstrosities
  Zenata (Vaults:2)
  2 hellephants
  A walking crystal tome (Depths:3)
  The ghost of DaftaChap the Devastator, an adept DrEE of Vehumet (Lair:3)
  24 Orb Guardians (Zot:5)
  6 quicksilver dragons
  5 deep elf blademasters
  Polyphemus (Shoals:4)
  8 liches
  A walking frostbound tome (Depths:3)
  A walking divine tome (Depths:3)
  2 deep elf master archers (Elf:3)
  8 sphinxes
  2 Executioners
  8 death cobs
  13 shadow dragons
  27 acid blobs
  3 tentacled starspawn (Abyss:2)
  The ghost of Bibap the Severer, an adept MiFi of Jiyva (Elf:2)
  5 storm dragons
  Agnes (Vaults:1)
  11 tengu reavers
  Aizul (Vaults:2)
  A fenstrider witch (Zig:6)
  6 protean progenitors
  9 azure jellies
  8 draconian monks
  12 rockslimes
  11 emperor scorpions
  7 frost giants
  2 iron dragons (Zot:3)
  6 fire giants
  A caustic shrike zombie (Depths:2)
  6 draconian shifters
  10 vault wardens
  13 ghost moths
  10 draconian knights
  3 deep elf elementalists (Elf:3)
  A draconian scorcher (Zot:2)
  2 reapers
  2 balrugs (Zot:1)
  2 draconian stormcallers
  7 deep elf sorcerers
  The ghost of Famehell the Metamorph, a journeyman OpSh of Gozag (Elf:2)
  A cacodemon (Depths:1)
  3 draconian annihilators
  3 orc warlords
  12 formless jellyfish
  13 ironbound thunderhulks
  43 very ugly things
  A demonspawn corrupter (D:15)
  14 ironbound preservers
  The ghost of Hulashix the Severer, a journeyman MiBe of Trog (Elf:2)
  15 quicksilver oozes
  A demonspawn black sun (D:15)
  4 deep elf demonologists
  6 deep elf death magi
  A lorocyproca (D:13)
  20 green draconians
  13 stone giants
  18 purple draconians
  19 black draconians
  15 yellow draconians
  3 deep elf annihilators
  The ghost of TheBioAlchemist the Carver, a journeyman CoGl of Okawaru (D:13)
  3 minotaurs
  3 war gargoyles
  20 red draconians
  8 white draconians
  Azrael (Orc:2)
  4 vampire knights
  7 spark wasps
  14 dire elephants
  2 bunyips
  An eidolon (Depths:2)
  A green death (D:7)
  7 statues (WizLab)
  A blizzard demon (Depths:2)
  13 fire dragons
  A crystal guardian (Vaults:4)
  10 ettins
  A merfolk impaler (Shoals:3)
  A shambling mangrove (Zig:7)
  8 yaktaur captains
  3 hell beasts
  8 deep elf high priests
  8 hydras
  3 merfolk javelineers
  3 rakshasas
  6 entropy weavers
  4 great orbs of eyes
  A peacekeeper (Vaults:4)
  6 ice dragons
  37 vault guards
  2 ogre magi
  2 radroaches
  A ghost crab (Zig:6)
  A sphinx zombie (Depths:3)
  2 spriggan air magi
  11 ironbound frosthearts
  The ghost of Viaheush the Carver, a journeyman GnWn of Hepliaklqana (Elf:2)
  7 merfolk aquamancers
  3 merfolk avatars (Shoals:4)
  13 deep troll earth magi
  A catoblepas (Shoals:4)
  3 alligators
  9 centaur warriors
  20 death yaks
  3 jorogumos
  9 satyrs (Shoals:4)
  A sphinx skeleton (Vaults:4)
  5 boulder beetles
  32 dancing weapons
  9 two-headed ogres
  A tengu warrior (Depths:4)
  5 hell hogs
  3 vampire magi
  An occultist (Depths:2)
  3 deep troll shamans
  8 demonic crawlers
  4 orc high priests
  A storm dragon zombie (Vaults:5)
  3 spriggan berserkers
  19 deep elf knights
  4 sun demons
  6 hell knights
  3 shadow wraiths
  5 iron trolls
  8 skysharks
  A sixfirhy (Depths:1)
  3 pharaoh ants
  A spatial maelstrom (Abyss:2)
  3 goliath frogs
  8 skeletal warriors
  7 sea snakes
  2 swamp dragons (Zig:6)
  5 flayed ghosts
  A spriggan druid (Zig:7)
  A glowing orange brain (shapeshifter) (Depths:2)
  49 deep trolls
  10 orb spiders
  3 sun moths
  2 shadow demons (D:15)
  A bog body (Zig:7)
  17 harpies
  16 ironbound convokers
  A tengu zombie (Vaults:2)
  6 arcanists
  7 deep elf archers
  6 glowing orange brains
  10 lindwurms
  4 starcursed masses (Abyss:2)
  6 phantasmal warriors
  4 thermic dynamos
  An iron dragon zombie (Depths:3)
  28 deep elf zephyrmancers
  15 necromancers
  29 ugly things
  4 orc sorcerers
  27 deep elf pyromancers
  A manticore (shapeshifter) (Elf:3)
  5 steelbarb worms (Spider:4)
  A golden dragon skeleton (Depths:3)
  13 cyclopes
  A human zombie (Vaults:2)
  5 orc knights (Vaults:4)
  13 wolf spiders
  14 manticores
  12 fauns
  12 shining eyes
  A will-o-the-wisp (Abyss:2)
  32 moths of wrath
  An oklob plant (Spider:2)
  4 kobold blastminers (Orc:2)
  A salamander (Depths:1)
  17 large abominations
  9 merfolk sirens
  2 shining eyes (shapeshifter)
  6 black mambas
  3 meliai (Spider:4)
  11 vault sentinels
  A stone giant skeleton (Vaults:4)
  19 elephants
  9 water nymphs
  2 fire giant skeletons
  5 torpor snails
  A frost giant skeleton (Vaults:5)
  6 eyes of devastation
  5 molten gargoyles
  A centaur skeleton (Abyss:2)
  3 orange demons
  4 smoke demons
  3 unseen horrors (Depths:3)
  A hellion (Abyss:2)
  2 elf skeletons
  10 cane toads
  A yaktaur (shapeshifter) (D:15)
  9 komodo dragons
  An efreet (Abyss:2)
  4 kobold demonologists (D:13)
  3 rime drakes
  An ancient zyme (Abyss:2)
  25 yaktaurs
  17 tengu conjurers
  5 freezing wraiths
  2 yaktaur skeletons
  3 polar bears
  8 ice devils
  2 hellwings
  2 trolls
  6 wind drakes
  5 red devils
  2 hornets (Zig:7)
  A bloated husk (Zig:7)
  26 merfolk
  A tyrant leech (Zig:6)
  A raiju (shapeshifter) (Elf:2)
  15 tarantellas
  6 raiju
  A fire giant simulacrum (Depths:2)
  A blink frog (shapeshifter) (D:15)
  An iron dragon simulacrum (Depths:3)
  11 snapping turtles
  19 blink frogs
  3 dream sheep
  An ettin zombie (Vaults:4)
  A stone giant simulacrum (Vaults:4)
  4 glass eyes
  A culicivora (shapeshifter) (Vaults:1)
  132 slime creatures
  5 wraiths
  3 ynoxinuls
  29 jumping spiders
  4 air elementals
  A yak (shapeshifter) (D:14)
  18 culicivoras
  A spriggan (shapeshifter) (Elf:1)
  8 water elementals
  3 shadows
  32 yaks
  4 fire bats (Gauntlet)
  A basilisk (shapeshifter) (D:14)
  4 fire elementals
  6 golden eyes
  3 wargs
  5 humans (D:13)
  A neqoxec (Abyss:2)
  4 wyverns
  53 redbacks
  A basilisk (Orc:1)
  6 acid dragons
  6 vampire mosquitoes
  A harpy simulacrum (Abyss:2)
  A spatial vortex (Abyss:2)
  17 water moccasins
  3 black bears
  Duvessa (D:5)
  13 hell hounds
  An ogre skeleton (Vaults:5)
  41 orc warriors
  3 ice beasts
  8 wolves
  14 ogres
  A crocodile (Elf:2)
  9 centaurs
  11 kobold brigands
  14 bullfrogs
  3 brain worms (Abyss:2)
  2 weeping skulls (Abyss:2)
  4 elf zombies
  A gnoll sergeant (D:6)
  5 small abominations
  2 earth elementals
  2 scorpions
  A glowing shapeshifter simulacrum (Depths:2)
  4 wights
  Dowan (D:5)
  12 killer bees (D:10)
  An electric eel (Elf:3)
  A bombardier beetle (D:5)
  8 howler monkeys
  A hound (D:5)
  A quasit (Abyss:2)
  An iron imp (Abyss:2)
  19 orc priests
  2 sleepcaps
  A gnoll bouda (D:6)
  Jessica (D:2)
  An iguana (D:7)
  26 orc wizards
  Natasha (D:2)
  9 gnolls
  8 adders
  A white imp (D:5)
  2 ufetubi (D:6)
  6 dart slugs
  3 ribbon worms
  100 orcs
  3 bats
  3 endoplasms
  3 giant cockroaches
  5 goblins
  3 hobgoblins
  7 jackals
  2 quokkas
  3 ball pythons
  3 frilled lizards (D:2)
  7 kobolds
  2 rats (D:2)
  2 aspiring fleshes (Zot:2)
  A butterfly (Lair:3)
  2 tentacles (Shoals:4)
2380 creatures vanquished.

Vanquished Creatures (collateral kills)
  2 Orb Guardians (Zot:5)
  An azure jelly (Slime:5)
  A ghost moth (Zot:3)
  A deep elf death mage (Elf:3)
  Josephine (Lair:3)
  An alligator snapping turtle (Shoals:1)
  A dancing weapon (Elf:2)
  A satyr (Shoals:4)
  A death yak (Lair:2)
  A deep elf knight (Elf:3)
  A skyshark (Lair:5)
  An orb spider (Spider:4)
  A steelbarb worm (Spider:4)
  A harpy (Shoals:1)
  3 ugly things (D:15)
  A deep elf zephyrmancer (Elf:2)
  A shining eye (Spider:4)
  A redback zombie (Spider:4)
  A tarantella (Spider:4)
  A troll (shapeshifter) (Vaults:3)
  3 blink frogs (Lair:3)
  A jumping spider (Spider:3)
  2 culicivoras (Spider:4)
  A wraith (Lair:3)
  A fire elemental (Orc:2)
  10 yaks
  A chaos spawn (Abyss:2)
  An orc warrior (Orc:2)
  2 centaurs (D:12)
  An orc priest (Orc:2)
  An orc wizard (Orc:2)
  2 orcs (Orc:2)
  A butterfly (Lair:3)
50 creatures vanquished.

Vanquished Creatures (others)
  A dread lich (Vaults:5)
  2 fenstrider witches
  A very ugly thing (Depths:2)
  A deep elf death mage (Elf:1)
  A deep elf annihilator (Elf:3)
  An ettin (Vaults:5)
  4 dancing weapons
  A merfolk aquamancer (Shoals:1)
  3 deep elf knights
  An arcanist (Vaults:3)
  A harpy (Shoals:1)
  A deep elf pyromancer (Elf:2)
  A hellwing (D:1)
  A merfolk (Shoals:3)
  A tarantella (Spider:3)
  A slime creature (D:15)
  A culicivora (Spider:1)
  A human (D:13)
  A merfolk zombie (Shoals:3)
  An elf zombie (Elf:1)
  A jelly (Abyss:2)
  3 orcs (Orc:2)
  4 starspawn tentacles (Abyss:2)
  4 tentacles (Shoals:4)
38 creatures vanquished.

Grand Total: 2468 creatures vanquished

Notes
Turn   | Place    | Note
-------+----------+-------------------------------------------
     0 | D:1      | ragingrage the Naga Chaos Knight began the quest for the
                  | Orb.
     0 | D:1      | Reached XP level 1. HP: 21/21 MP: 1/1
     9 | D:1      | Reached skill level 1 in Stealth
    13 | D:1      | Reached XP level 2. HP: 18/28 MP: 2/2
    26 | D:1      | XOM: divination: magic mapping
   304 | D:1      | XOM: cast spell 'Summon Small Mammal'
   429 | D:1      | XOM: divination: magic mapping
   528 | D:1      | You fall into a shaft and drop 1 floor!
   531 | D:2      | Reached XP level 3. HP: 34/34 MP: 3/3
   638 | D:1      | XOM: confuse monster(s)
   816 | D:2      | Noticed Natasha
  1003 | D:2      | Found Jithrudatz's Distillery.
  1057 | D:2      | Reached XP level 4. HP: 40/42 MP: 4/4
  1140 | D:2      | Noticed Jessica
  1159 | D:2      | Killed Jessica
  1160 | D:2      | Reached skill level 5 in Stealth
  1207 | D:2      | XOM: divination: detect items
  1380 | D:2      | XOM: noise
  1382 | D:2      | XOM: cast spell 'Olgreb's Toxic Radiance'
  1385 | D:2      | XOM: divination: magic mapping
  1387 | D:2      | Killed Natasha
  1388 | D:2      | Reached skill level 1 in Maces & Flails
  1392 | D:2      | Reached XP level 5. HP: 42/49 MP: 5/5
  1463 | D:2      | XOM: god gift: 6 stones
  1591 | D:2      | XOM: 2-stop teleportation journey
  1667 | D:2      | Noticed Natasha
  1752 | D:2      | XOM: 2-stop teleportation journey
  1776 | D:3      | XOM: give mutations
  1776 | D:3      | Gained mutation: Your mind is acute. (Int +4, Str/Dex -1)
                  | [Xom's grace]
  1776 | D:3      | Gained mutation: Your mind is very acute. (Int +8, Str/Dex
                  | -2) [Xom's grace]
  1776 | D:3      | Gained mutation: Your flesh is heat resistant. (rF+) [Xom's
                  | grace]
  1843 | D:3      | Reached skill level 2 in Maces & Flails
  2131 | D:3      | XOM: divination: magic mapping
  2189 | D:4      | XOM: noise
  2293 | D:4      | XOM: noise
  2314 | D:4      | Noticed an ogre
  2323 | D:4      | Killed an ogre
  2324 | D:4      | Reached skill level 3 in Maces & Flails
  2324 | D:4      | Reached XP level 6. HP: 21/56 MP: 6/6
  2364 | D:4      | XOM: summons 1 hostile demon
  2499 | D:4      | XOM: chaos upgrade
  2506 | D:4      | Reached skill level 4 in Maces & Flails
  2800 | D:4      | Found a sparkling altar of Nemelex Xobeh.
  2835 | D:4      | Identified the +2 short sword of Currency {drain, rF- Str+3
                  | Stlth+}
  3063 | D:5      | Entered Level 5 of the Dungeon
  3064 | D:5      | Noticed Duvessa
  3064 | D:5      | Noticed Dowan
  3090 | D:5      | Killed Duvessa
  3091 | D:5      | Reached skill level 1 in Shields
  3098 | D:5      | Killed Dowan
  3099 | D:5      | Reached XP level 7. HP: 47/62 MP: 7/7
  3248 | D:5      | Reached skill level 5 in Maces & Flails
  3454 | D:5      | XOM: chaos upgrade
  3546 | D:5      | XOM: god gift: helmet {god gift}
  3839 | D:6      | XOM: give mutations
  3839 | D:6      | Gained mutation: Your body sometimes deteriorates upon
                  | taking damage. [Xom's mischief]
  3839 | D:6      | Gained mutation: You have a pair of small horns on your
                  | head. [Xom's mischief]
  3839 | D:6      | Lost mutation: You have a pair of small horns on your head.
                  | [Xom's mischief]
  3854 | D:5      | Reached skill level 6 in Maces & Flails
  4041 | D:6      | Found a staircase to the Ecumenical Temple.
  4077 | Temple   | Found a transporter.
  4077 | Temple   | Found a transporter.
  4077 | Temple   | Found a transporter.
  4077 | Temple   | Found a transporter.
  4077 | Temple   | Entered the Ecumenical Temple
  4097 | D:6      | XOM: summons friendly white imp
  4407 | D:6      | XOM: chaos upgrade
  4719 | D:6      | Reached XP level 8. HP: 69/69 MP: 8/8
  4766 | D:6      | Found a snail-covered altar of Cheibriados.
  4776 | D:6      | XOM: confusion (+ monsters)
  4785 | D:6      | XOM: enchant monster (good)
  4795 | D:6      | Reached skill level 7 in Maces & Flails
  5069 | D:6      | XOM: 2-stop teleportation journey
  5126 | D:6      | XOM: summons 5 hostile demons
  5234 | D:6      | a bombardier beetle changed into a wyvern
  5234 | D:6      | Noticed a wyvern
  5234 | D:6      | XOM: polymorph bombardier beetle -> wyvern
  5239 | D:6      | Killed a wyvern
  5240 | D:6      | Reached skill level 8 in Maces & Flails
  5369 | D:6      | XOM: give mutations
  5369 | D:6      | Gained mutation: Your tail ends in a venomous barb. [Xom's
                  | grace]
  5369 | D:6      | Gained mutation: You have a pair of small antennae on your
                  | head. [Xom's grace]
  5592 | D:7      | XOM: cloud trail
  5713 | D:7      | XOM: cleaving
  5719 | D:7      | Reached skill level 9 in Maces & Flails
  5731 | D:7      | Reached XP level 9. HP: 76/78 MP: 9/9
  6050 | D:7      | Found a basalt altar of Yredelemnul.
  6050 | D:7      | Found a white marble altar of Elyvilon.
  6050 | D:7      | Found a burning altar of Makhleb.
  6803 | D:8      | Reached skill level 10 in Maces & Flails
  6808 | D:8      | Found a radiant altar of Vehumet.
  7288 | D:8      | XOM: scenery: create altars
  8184 | D:9      | Reached skill level 11 in Maces & Flails
  8417 | D:9      | XOM is BORED!
  8417 | D:9      | XOM: summons 1 hostile demon
  8476 | D:9      | Found a shadowy altar of Dithmenos.
  8561 | D:9      | XOM: summons friendly quasit
  8672 | D:10     | Entered Level 10 of the Dungeon
  8679 | D:10     | Noticed a komodo dragon
  8679 | D:10     | Noticed a komodo dragon
  8702 | D:10     | Killed a komodo dragon
  8960 | D:10     | XOM: confuse monster(s)
  8965 | D:10     | Reached skill level 12 in Maces & Flails
  9071 | D:10     | Reached skill level 1 in Evocations
  9073 | D:10     | Noticed a two-headed ogre
  9078 | D:10     | XOM: potion effect (might)
  9079 | D:10     | Killed a two-headed ogre
  9080 | D:10     | Reached XP level 10. HP: 71/87 MP: 10/10
  9085 | D:10     | Reached skill level 5 in Fighting
  9090 | D:10     | XOM: divination: detect items
  9684 | D:10     | Noticed a two-headed ogre
  9692 | D:10     | Killed a two-headed ogre
  9727 | D:10     | Learned a level 2 spell: Blink
  9732 | D:10     | Learned a level 4 spell: Manifold Assault
  9836 | D:10     | Reached skill level 1 in Translocations
  9849 | D:10     | Reached skill level 5 in Evocations
 10182 | D:10     | Found a staircase to the Lair.
 10280 | D:10     | XOM: summons friendly iron imp
 10455 | D:10     | XOM: silly message
 10492 | D:10     | XOM: cast spell 'Summon Dragon'
 10509 | D:10     | Reached XP level 11. HP: 100/100 MP: 11/11
 10586 | D:10     | XOM: polymorph ice dragon -> rime drake
 10816 | D:10     | Found a broken altar of Ashenzari.
 10825 | D:10     | Found a shimmering altar of Xom.
 10840 | D:10     | XOM is BORED!
 10840 | D:10     | XOM: summons 2 hostile demons
 11029 | D:11     | XOM: blink monster(s)
 11290 | D:11     | XOM: fog
 11579 | D:11     | XOM: give mutations
 11579 | D:11     | Lost mutation: Your tail ends in a venomous barb. [Xom's
                  | mischief]
 11579 | D:11     | Gained mutation: You are partially covered in iridescent
                  | scales. (AC +2) [Xom's mischief]
 11579 | D:11     | Gained mutation: You can exhale a cloud of poison. [Xom's
                  | mischief]
 11589 | D:11     | Identified the +6 shortbow "Riacelo" {flame, Int+2}
 12045 | D:11     | XOM: summons 6 hostile demons
 12145 | D:12     | XOM: summons 6 friendly demons
 12261 | D:12     | Found a staircase to the Orcish Mines.
 12261 | D:12     | XOM: 1-stop teleportation journey
 12705 | D:12     | Found a runed translucent gate.
 12705 | D:12     | Found a runed translucent gate.
 12705 | D:12     | Found a runed translucent gate.
 12707 | D:12     | Noticed a shadow wraith
 12707 | D:12     | Noticed Gangsterbeez's ghost (adept MiFi)
 12816 | D:12     | Noticed a green ugly thing
 12827 | D:12     | Killed a green ugly thing
 12833 | D:12     | XOM: give mutations
 12833 | D:12     | Gained mutation: Your tail ends in a venomous barb. [Xom's
                  | grace]
 12833 | D:12     | Gained mutation: You have an increased reservoir of magic.
                  | (+10% MP) [Xom's grace]
 12833 | D:12     | Gained mutation: You possess an exceptional clarity of
                  | mind. [Xom's grace]
 12833 | D:12     | Gained mutation: You are agile. (Dex +4, Str/Int -1) [Xom's
                  | grace]
 12859 | D:12     | XOM: divination: detect creatures
 13006 | Lair:1   | Entered Level 1 of the Lair of Beasts
 13122 | Lair:1   | XOM: enchant monster (good)
 13150 | Lair:1   | XOM: god gift: 5 atropa-tipped darts
 13224 | Lair:1   | XOM: cleaving
 13228 | Lair:1   | XOM: cleaving
 13239 | Lair:1   | XOM: summons friendly ufetubus
 13241 | Lair:1   | XOM: scenery: summon butterflies
 13328 | Lair:1   | XOM: god gift: book of Callings
 13364 | Lair:1   | XOM: 1-stop teleportation journey
 13403 | Lair:1   | Reached skill level 1 in Throwing
 13406 | Lair:1   | XOM: scenery: create altars
 13659 | Lair:1   | XOM: summons friendly shadow imp
 13769 | Lair:1   | XOM: god gift: book of the Wilderness
 14255 | Lair:2   | Noticed a death yak
 14264 | Lair:2   | XOM: scenery: create altars
 14270 | Lair:2   | Noticed a death yak
 14272 | Lair:2   | Noticed a death yak
 14275 | Lair:2   | Killed a death yak
 14276 | Lair:2   | Noticed a death yak
 14277 | Lair:2   | Noticed a death yak
 14278 | Lair:2   | Noticed a death yak
 14294 | Lair:2   | Killed a death yak
 14303 | Lair:2   | Killed a death yak
 14304 | Lair:2   | Reached XP level 12. HP: 70/116 MP: 13/13
 14307 | Lair:1   | Killed a death yak
 14426 | Lair:2   | Reached skill level 10 in Fighting
 14429 | Lair:2   | XOM: confuse monster(s)
 14469 | Lair:2   | XOM: fog
 14477 | Lair:2   | Reached skill level 13 in Maces & Flails
 14639 | Lair:2   | XOM: god gift: +5 Storm Queen's Shield {shock, Fly rElec}
 14640 | Lair:2   | Found the +5 Storm Queen's Shield {shock, Fly rElec}
 14671 | Lair:2   | XOM: polymorph elephant -> ogre
 14907 | Lair:2   | XOM: summons 8 friendly demons
 14908 | Lair:2   | Killed a death yak
 14909 | Lair:2   | Reached skill level 5 in Shields
 14915 | Lair:2   | Killed a death yak
 15290 | Lair:2   | XOM: silly message
 15291 | Lair:2   | XOM: summons 2 hostile demons
 15437 | Lair:2   | XOM: stat loss: -1 Str (14/15)
 15514 | Lair:2   | XOM: give mutation
 15514 | Lair:2   | Gained mutation: You passively map a small area around you.
                  | [Xom's mischief]
 15517 | Lair:2   | XOM: blink monster(s)
 15598 | Lair:2   | XOM: summons 7 hostile demons
 15784 | Lair:3   | Noticed a seven-headed hydra
 15791 | Lair:3   | Killed a seven-headed hydra
 15809 | Lair:3   | XOM: 1-stop teleportation journey
 15817 | Lair:3   | Noticed Josephine
 15825 | Lair:3   | Killed Josephine
 15888 | Lair:3   | XOM: give mutations
 15888 | Lair:3   | Lost mutation: You possess an exceptional clarity of mind.
                  | [Xom's mischief]
 15888 | Lair:3   | Gained mutation: You expend magic power (3 MP) to
                  | strengthen your wands. [Xom's mischief]
 15888 | Lair:3   | Lost mutation: You passively map a small area around you.
                  | [Xom's mischief]
 15888 | Lair:3   | Lost mutation: Your mind is very acute. (Int +8, Str/Dex
                  | -2) [Xom's mischief]
 15892 | Lair:3   | Gained mutation: You can use your snake-like lower body to
                  | constrict enemies. [Naga growth]
 15892 | Lair:3   | Reached XP level 13. HP: 123/123 MP: 14/14
 15903 | Lair:3   | XOM: enchant monster (bad)
 15917 | Lair:3   | XOM: cleaving
 15924 | Lair:3   | XOM: repel stairs
 15944 | Lair:3   | XOM: blink monster(s)
 15951 | Lair:3   | Reached skill level 10 in Shields
 16079 | Lair:3   | Found a hole to the Spider Nest.
 16088 | Lair:3   | Noticed Rupert
 16104 | Lair:3   | Killed Rupert
 16264 | Lair:3   | Found a staircase to the Shoals.
 16360 | Lair:3   | XOM: divination: detect creatures
 16423 | Lair:3   | XOM: scenery: summon butterflies
 17121 | D:12     | XOM: scenery: summon butterflies
 17162 | D:12     | XOM: potion effect (berserk rage)
 17224 | D:13     | XOM: give mutation
 17224 | D:13     | Gained mutation: Your movements are slightly less
                  | encumbered by armour. (ER -2) [Xom's grace]
 17226 | D:13     | XOM: confusion
 17654 | Lair:4   | XOM: 1-stop teleportation journey
 17663 | Lair:4   | XOM: give mutation
 17663 | Lair:4   | Lost mutation: You are agile. (Dex +4, Str/Int -1) [Xom's
                  | mischief]
 17703 | Lair:4   | XOM: swap monsters
 17910 | Lair:4   | XOM: enchant monster (bad)
 17949 | Lair:4   | Reached skill level 14 in Maces & Flails
 18272 | Lair:4   | Reached XP level 14. HP: 132/132 MP: 15/15
 18275 | Lair:4   | XOM: 1-stop teleportation journey
 18327 | Lair:4   | XOM: give mutation
 18327 | Lair:4   | Lost mutation: You can exhale a cloud of poison. [Xom's
                  | mischief]
 18536 | Lair:4   | XOM: give mutations
 18536 | Lair:4   | Lost mutation: You are partially covered in iridescent
                  | scales. (AC +2) [Xom's mischief]
 18536 | Lair:4   | Lost mutation: Your body sometimes deteriorates upon taking
                  | damage. [Xom's mischief]
 18714 | Lair:4   | XOM: draining
 18756 | Lair:4   | XOM: torment (62/122 hp)
 18810 | Lair:5   | Entered Level 5 of the Lair of Beasts
 19053 | Lair:5   | XOM: summons 4 hostile shadow creatures
 19069 | Lair:5   | XOM: 1-stop teleportation journey
 19112 | Lair:5   | XOM: 9-stop teleportation journey
 19115 | Lair:5   | XOM: enchant monster (bad)
 19121 | Lair:5   | XOM: confuse monster(s)
 19193 | Lair:5   | Learned a level 5 spell: Irradiate
 19220 | Lair:5   | XOM: snakes to sticks
 19233 | Lair:5   | XOM: noise
 19478 | Lair:5   | Reached skill level 15 in Maces & Flails
 19480 | Lair:5   | Noticed a dire elephant
 19483 | Lair:5   | XOM: blink monster(s)
 19489 | Lair:5   | XOM: summons friendly crimson imp
 19504 | Lair:5   | Killed a dire elephant
 19639 | Lair:5   | XOM: blink monster(s)
 19665 | Lair:5   | XOM: confusion (+ monsters)
 19688 | Lair:5   | XOM: cast spell 'Alistair's Intoxication'
 19948 | Lair:5   | Found a viscous altar of Jiyva.
 19949 | Lair:5   | Found a staircase to the Slime Pits.
 20571 | Orc:1    | Entered Level 1 of the Orcish Mines
 20608 | Orc:1    | XOM: polymorph orc sorcerer -> basilisk
 20943 | Orc:2    | Entered Level 2 of the Orcish Mines
 21015 | Orc:2    | XOM: enchant monster (bad)
 21019 | Orc:2    | XOM: confuse monster(s)
 21051 | Orc:2    | Found a roughly hewn altar of Beogh.
 21109 | Orc:2    | XOM: god gift: 63 gold pieces
 21118 | Orc:2    | XOM: silly message
 21145 | Orc:2    | Found a roughly hewn altar of Beogh.
 21221 | Orc:2    | XOM: god gift: chain mail {god gift}
 21222 | Orc:2    | Found Jihum's General Store.
 21225 | Orc:2    | Found a gate leading to a gauntlet.
 21228 | Orc:2    | Found a staircase to the Elven Halls.
 21238 | Gauntlet | Entered a Gauntlet
 21238 | Gauntlet | Found a transporter.
 21238 | Gauntlet | Found a transporter.
 21239 | Gauntlet | Found a transporter.
 21239 | Gauntlet | Found a transporter.
 21242 | Gauntlet | Found a transporter.
 21252 | Gauntlet | Found a transporter.
 21320 | Gauntlet | Found a transporter.
 21330 | Gauntlet | Found a transporter.
 21345 | Gauntlet | Found a transporter.
 21355 | Gauntlet | Found a transporter.
 21370 | Gauntlet | Found a transporter.
 21376 | Gauntlet | Found a transporter.
 21389 | Gauntlet | XOM is BORED!
 21496 | Gauntlet | XOM: confusion
 21506 | Gauntlet | XOM: confusion (+ monsters)
 21549 | Gauntlet | XOM: stat loss: -1 Str (16/17)
 21736 | Gauntlet | XOM: chaos cloud
 21741 | Gauntlet | XOM: potion effect (attraction)
 21753 | Gauntlet | Identified the amulet "Buoheuzo" {Acrobat rPois Int+3
                  | Stlth-}
 21796 | Gauntlet | Reached XP level 15. HP: 125/138 MP: 16/16
 21926 | Orc:2    | Found Onotyod's Antique Armour Shoppe.
 21926 | Orc:2    | Noticed an orc warlord
 21926 | Orc:2    | XOM: 2-stop teleportation journey
 21928 | Orc:2    | Found a roughly hewn altar of Beogh.
 21931 | Orc:2    | XOM: smoke on damage
 21938 | Orc:2    | XOM: divination: detect items
 21942 | Orc:2    | XOM: divination: magic mapping
 21956 | Orc:2    | Noticed Azrael
 21959 | Orc:2    | XOM: cast spell 'Summon Ice Beast'
 21969 | Orc:2    | Reached skill level 16 in Maces & Flails
 21976 | Orc:2    | Killed Azrael
 21977 | Orc:2    | XOM: divination: detect creatures
 22534 | Orc:2    | XOM: potion effect (invisibility)
 22544 | Orc:2    | Killed an orc warlord
 22578 | Orc:2    | Found Fatubliq's Antique Weapon Emporium.
 22654 | Orc:2    | XOM: cloud trail
 22722 | Orc:2    | Found a roughly hewn altar of Beogh.
 22734 | Orc:2    | XOM: silly message
 22818 | Orc:2    | Bought a warped leather armour for 224 gold pieces
 22818 | Orc:2    | Identified the +1 leather armour "Iselo" {+Inv rPois Str-4
                  | Stlth+} (You bought it in a shop on level 2 of the Orcish
                  | Mines)
 22964 | Orc:2    | Found a roughly hewn altar of Beogh.
 23066 | Orc:2    | Found a roughly hewn altar of Beogh.
 23078 | Orc:2    | XOM: cast spell 'Fugue of the Fallen'
 23097 | Orc:2    | XOM: give mutations
 23097 | Orc:2    | Lost mutation: You have a pair of small antennae on your
                  | head. [Xom's mischief]
 23097 | Orc:2    | Lost mutation: Your tail ends in a venomous barb. [Xom's
                  | mischief]
 23097 | Orc:2    | Lost mutation: Your mind is acute. (Int +4, Str/Dex -1)
                  | [Xom's mischief]
 23097 | Orc:2    | Gained mutation: You are partially covered in iridescent
                  | scales. (AC +2) [Xom's mischief]
 23138 | Orc:2    | Found Ivikk's Assorted Antiques.
 23143 | Orc:2    | Bought a sedimented red potion for 27 gold pieces
 23143 | Orc:2    | Bought a scroll labelled EMUTOO YLELI for 31 gold pieces
 23173 | Orc:2    | XOM: summons 5 friendly demons
 23184 | Orc:2    | Found a roughly hewn altar of Beogh.
 23199 | Orc:2    | Bought a scroll of teleportation for 42 gold pieces
 23199 | Orc:2    | Bought a wand of roots (6) for 201 gold pieces
 23295 | Orc:2    | XOM: scenery: 1 doors close
 23352 | Orc:2    | Bought a notched pearl ring for 155 gold pieces
 23352 | Orc:2    | Bought a glowing leather armour for 155 gold pieces
 23653 | D:12     | XOM: enchant monster (good)
 23662 | D:12     | XOM: summons friendly quasit
 23809 | D:12     | XOM: give mutations
 23809 | D:12     | Gained mutation: You passively dampen the noise of your
                  | surroundings. [Xom's grace]
 23809 | D:12     | Gained mutation: You have a pair of small horns on your
                  | head. [Xom's grace]
 24195 | D:13     | XOM: enchant monster (bad)
 24197 | D:13     | XOM: god gift: 41 gold pieces
 24200 | D:13     | XOM: 2-stop teleportation journey
 24233 | D:13     | XOM: give mutations
 24233 | D:13     | Lost mutation: You expend magic power (3 MP) to strengthen
                  | your wands. [Xom's mischief]
 24233 | D:13     | Gained mutation: You expend magic power (3 MP) to
                  | strengthen your wands. [Xom's mischief]
 24447 | D:13     | XOM: chaos cloud
 24638 | D:13     | XOM: stat loss: -1 Dex (12/13)
 24780 | D:13     | XOM: swap monsters
 24810 | D:13     | XOM: destruction
 24811 | D:13     | XOM: swap monsters
 24820 | D:13     | XOM: cast spell 'Alistair's Intoxication'
 24833 | D:13     | Reached skill level 5 in Translocations
 24835 | D:13     | XOM: noise
 24837 | D:13     | XOM: potion effect (heal wounds)
 24887 | D:13     | Identified the +0 hat of Edac {rElec rF- MP+9 Int+4} (Xom
                  | gifted it to you on level 13 of the Dungeon)
 24887 | D:13     | XOM: god gift: +0 hat of Edac {rElec rF- MP+9 Int+4}
 24983 | D:13     | Found a gate to the Vaults.
 25032 | D:13     | Noticed Sonja
 25035 | D:13     | Sonja changed into Sonja the yak
 25035 | D:13     | Noticed Sonja
 25041 | D:13     | Killed Sonja the yak
 25241 | D:13     | Found a runed translucent gate.
 25241 | D:13     | Found a runed translucent gate.
 25241 | D:13     | Found a runed translucent gate.
 25242 | D:13     | Noticed TheBioAlchemist's ghost (journeyman CoGl)
 25427 | D:14     | XOM: give mutations
 25427 | D:14     | Gained mutation: Your mind is acute. (Int +4, Str/Dex -1)
                  | [Xom's grace]
 25427 | D:14     | Gained mutation: Your tail ends in a venomous barb. [Xom's
                  | grace]
 25427 | D:14     | Gained mutation: You have a pair of horns on your head.
                  | [Xom's grace]
 25511 | D:14     | XOM: confuse monster(s)
 25647 | D:14     | XOM: potion effect (curing)
 25748 | D:14     | XOM: divination: detect creatures
 25952 | D:14     | XOM: silly message
 26036 | D:14     | XOM: god gift: runed spear {god gift}
 26276 | D:15     | Entered Level 15 of the Dungeon
 26277 | D:15     | XOM: polymorph white ugly thing -> brown ugly thing
 26280 | D:14     | XOM: god gift: +5 morningstar of chaos
 26469 | D:15     | XOM: scenery: summon butterflies
 26490 | D:15     | Identified the +1 falchion of the Rattlesnake {freeze, rC++
                  | Dex-5 Stlth+}
 26516 | D:15     | XOM: enchant monster (good)
 26534 | D:15     | XOM: cast spell 'Summon Mana Viper'
 26590 | D:15     | Found a shimmering blue altar of Sif Muna.
 26590 | D:15     | XOM: 10-stop teleportation journey
 26743 | D:15     | XOM: 1-stop teleportation journey
 26868 | D:15     | XOM: god gift: Unulikech's Octavo of Evil Deeds and the
                  | Torch {god gift}
 26869 | D:15     | Got Unulikech's Octavo of Evil Deeds and the Torch {god
                  | gift}
 26905 | D:15     | Found a portal to a secret trove of treasure.
 26944 | D:15     | XOM: 1-stop teleportation journey
 26998 | D:15     | XOM: god gift: wand of paralysis (5)
 27058 | D:15     | XOM: scenery: create altars
 27286 | D:15     | XOM: god gift: +1 demon whip of flaming
 27322 | D:15     | Reached XP level 16. HP: 104/151 MP: 17/17
 27361 | D:15     | XOM: god gift: ichor-stained leather armour {god gift}
 27361 | D:15     | Identified the +0 leather armour "Tuvergh" {rN+ MP-9 Int+3}
                  | (Xom gifted it to you on level 15 of the Dungeon)
 27426 | D:15     | XOM: cloud trail
 27440 | D:15     | Found a staircase to the Depths.
 27462 | D:15     | XOM: summons friendly white imp
 27465 | D:15     | XOM: polymorph white imp -> crimson imp
 27658 | D:15     | XOM: 7-stop teleportation journey
 27686 | D:15     | XOM: god gift: 30 gold pieces
 27915 | D:15     | XOM: give mutations
 27915 | D:15     | Gained mutation: You possess an exceptional clarity of
                  | mind. [Xom's grace]
 27915 | D:15     | Gained mutation: You are strong-willed. (Will+) [Xom's
                  | grace]
 28087 | D:15     | XOM: summons 5 friendly demons
 28089 | D:15     | Reached skill level 15 in Shields
 28117 | D:15     | XOM: cloud trail
 28321 | Spider:1 | Entered Level 1 of the Spider Nest
 28335 | Spider:1 | XOM: scenery: summon butterflies
 28427 | Spider:1 | XOM: god gift: condenser vane
 28514 | Spider:1 | XOM: god gift: +0 barding of flying
 28539 | Spider:1 | XOM: god gift: 826 gold pieces
 28644 | Spider:1 | XOM: 3-stop teleportation journey
 28723 | Spider:1 | XOM: cast spell 'Discord'
 29103 | Spider:2 | XOM: 1-stop teleportation journey
 29115 | Spider:2 | XOM: enchant monster (bad)
 29314 | Spider:2 | XOM: summons friendly ufetubus
 29430 | Spider:2 | Identified a scroll of acquirement
 29431 | Spider:2 | Acquired a manual of Fighting
 29488 | Spider:2 | XOM: destruction
 29558 | Spider:2 | Noticed Arachne
 29714 | Spider:2 | Killed Arachne
 29791 | Spider:2 | XOM: summons 2 friendly demons
 29817 | Spider:2 | XOM: give mutation
 29817 | Spider:2 | Lost mutation: Your tail ends in a venomous barb. [Xom's
                  | mischief]
 29846 | Spider:2 | XOM: 2-stop teleportation journey
 29857 | Spider:2 | XOM: summons 2 hostile demons
 30119 | Spider:2 | Noticed an acid blob
 30130 | Spider:2 | Killed an acid blob
 30674 | Spider:3 | XOM: repel stairs
 30782 | Spider:3 | XOM: polymorph jorogumo -> moth of wrath
 30794 | Spider:3 | XOM: silly message
 30800 | Spider:3 | XOM: summons friendly white imp
 30861 | Spider:3 | XOM: summons 2 hostile demons
 30868 | Spider:3 | Reached XP level 17. HP: 156/165 MP: 18/18
 30878 | Spider:3 | XOM: butterfly on damage
 30884 | Spider:3 | XOM: potion effect (attraction)
 30887 | Spider:3 | HP: 5/165 [tarantella[a torpor snail] (13)]
 31182 | Spider:3 | XOM: 3-stop teleportation journey
 31260 | Spider:3 | XOM: god gift: 23 gold pieces
 31318 | Spider:3 | XOM: give mutations
 31318 | Spider:3 | Gained mutation: You are mostly covered in iridescent
                  | scales. (AC +4) [Xom's grace]
 31318 | Spider:3 | Gained mutation: Your tail ends in a venomous barb. [Xom's
                  | grace]
 31318 | Spider:3 | Gained mutation: You can exhale a cloud of poison. [Xom's
                  | grace]
 31331 | Spider:3 | XOM: give mutations
 31331 | Spider:3 | Gained mutation: You are completely covered in iridescent
                  | scales. (AC +6) [Xom's grace]
 31331 | Spider:3 | Gained mutation: Your mind is very acute. (Int +8, Str/Dex
                  | -2) [Xom's grace]
 31331 | Spider:3 | Gained mutation: You passively map a small area around you.
                  | [Xom's grace]
 31331 | Spider:3 | Gained mutation: You have a pair of large horns on your
                  | head. [Xom's grace]
 31357 | Spider:3 | XOM: 2-stop teleportation journey
 31367 | Spider:3 | XOM: fake destruction
 31767 | Spider:3 | XOM: draining
 31806 | Spider:3 | XOM: god gift: leather armour {god gift}
 31888 | Spider:3 | XOM: summons 7 friendly demons
 31892 | Spider:3 | XOM: give mutation
 31892 | Spider:3 | Lost mutation: You have a pair of large horns on your head.
                  | [Xom's mischief]
 32263 | Spider:4 | Entered Level 4 of the Spider Nest
 32575 | Spider:4 | Reached skill level 10 in Translocations
 32789 | Spider:4 | XOM: 2-stop teleportation journey
 32846 | Spider:4 | Reached skill level 15 in Fighting
 33286 | Spider:4 | XOM: stat loss: -1 Str (17/18)
 33499 | Spider:4 | XOM: give mutations
 33499 | Spider:4 | Lost mutation: You expend magic power (3 MP) to strengthen
                  | your wands. [Xom's mischief]
 33499 | Spider:4 | Lost mutation: Your flesh is heat resistant. (rF+) [Xom's
                  | mischief]
 33499 | Spider:4 | Lost mutation: You have a pair of horns on your head.
                  | [Xom's mischief]
 33499 | Spider:4 | Lost mutation: Your tail ends in a venomous barb. [Xom's
                  | mischief]
 33500 | Spider:4 | XOM: blink monster(s)
 34034 | Spider:4 | XOM: stat loss: -1 Dex (10/11)
 34105 | Spider:4 | XOM: noise
 34107 | Spider:4 | Noticed Bai Suzhen
 34131 | Spider:4 | Killed Bai Suzhen
 34233 | Spider:4 | XOM: silly message
 34398 | Spider:4 | Got a gossamer rune of Zot
 34780 | Shoals:1 | Entered Level 1 of the Shoals
 34806 | Shoals:1 | XOM: polymorph merfolk -> moth of wrath
 34826 | Shoals:1 | Reached skill level 1 in Spellcasting
 34867 | Shoals:1 | XOM: summons 4 hostile demons
 35186 | Shoals:1 | XOM: enchant monster (good)
 35215 | Shoals:1 | XOM: 1-stop teleportation journey
 35293 | Shoals:1 | Found a runed translucent gate.
 35294 | Shoals:1 | Found a runed translucent gate.
 35295 | Shoals:1 | Found a runed translucent gate.
 35297 | Shoals:1 | Noticed DaftaChap's ghost (adept DrEE)
 35320 | Shoals:1 | XOM: 3-stop teleportation journey
 35328 | Shoals:1 | XOM: polymorph cyclops -> rime drake
 35338 | Shoals:1 | Reached XP level 18. HP: 182/182 MP: 22/22
 35583 | Shoals:1 | XOM: summons 2 friendly demons
 36400 | Shoals:1 | XOM: smoke on damage
 36724 | Shoals:1 | XOM: cast spell 'Disjunction'
 36736 | Shoals:1 | XOM: summons friendly white imp
 36739 | Shoals:1 | XOM: divine lightning
 36743 | Lair:3   | Reached skill level 5 in Armour
 37035 | Lair:3   | Killed DaftaChap's ghost
 37078 | Shoals:1 | XOM: noise
 37203 | Shoals:1 | Identified the +2 pair of gloves of the Divine Jabberwock
                  | {Int+3 Dex+2 Stlth+}
 37217 | Shoals:1 | Identified the ring of Paranoia {rF- rCorr Str+6 Int+3}
 37247 | Shoals:2 | XOM: summons 12 friendly demons
 37290 | Shoals:2 | XOM: give mutations
 37290 | Shoals:2 | Gained mutation: Your tail ends in a venomous barb. [Xom's
                  | grace]
 37290 | Shoals:2 | Gained mutation: You expend magic power (3 MP) to
                  | strengthen your wands. [Xom's grace]
 37290 | Shoals:2 | Gained mutation: Your spells are a little harder to cast,
                  | but a little more powerful. [Xom's grace]
 37290 | Shoals:2 | Gained mutation: You are somewhat resistant to further
                  | mutation. [Xom's grace]
 37635 | Shoals:3 | Noticed Nikola
 37635 | Shoals:3 | Noticed Ilsuiw
 37693 | Shoals:2 | XOM: 8-stop teleportation journey
 37709 | Shoals:2 | XOM: give mutations
 37709 | Shoals:2 | Gained mutation: Your tail ends in a sharp venomous barb.
                  | [Xom's grace]
 37709 | Shoals:2 | Gained mutation: You have a pair of horns on your head.
                  | [Xom's grace]
 37709 | Shoals:2 | Gained mutation: You are highly strong-willed. (Will++)
                  | [Xom's grace]
 37844 | Shoals:2 | XOM: scenery: summon butterflies
 37918 | Shoals:2 | XOM: polymorph merfolk javelineer -> cyclops
 37929 | Shoals:2 | XOM: destruction
 38175 | Shoals:2 | XOM: divination: detect creatures
 38540 | Shoals:3 | XOM: 2-stop teleportation journey
 38553 | Shoals:3 | XOM: destruction
 38567 | Shoals:3 | XOM: give mutation
 38567 | Shoals:3 | Lost mutation: You are somewhat resistant to further
                  | mutation. [Xom's grace]
 38567 | Shoals:3 | Gained mutation: You have hidden genetic potential. [Xom's
                  | grace]
 38578 | Shoals:3 | XOM: give mutations
 38578 | Shoals:3 | Gained mutation: You have sharp fingernails. [Xom's grace]
 38578 | Shoals:3 | Gained mutation: You passively map the area around you.
                  | [Xom's grace]
 38610 | Shoals:3 | XOM: silly message
 38979 | Shoals:3 | XOM: god gift: potion of curing
 39005 | Shoals:3 | XOM: scenery: summon butterflies
 39065 | Shoals:3 | XOM: cast spell 'Iskenderun's Battlesphere'
 39384 | Shoals:3 | XOM: give mutations
 39384 | Shoals:3 | Lost mutation: You passively map the area around you.
                  | [Xom's mischief]
 39384 | Shoals:3 | Lost mutation: You have hidden genetic potential. [Xom's
                  | mischief]
 39384 | Shoals:3 | Lost mutation: You are completely covered in iridescent
                  | scales. (AC +6) [Xom's mischief]
 39384 | Shoals:3 | Lost mutation: You have an increased reservoir of magic.
                  | (+10% MP) [Xom's mischief]
 39638 | Shoals:3 | XOM: god gift: jewelled long sword {god gift}
 39638 | Shoals:3 | Identified the +6 long sword of Ascent {chaos, ^Drain rC+
                  | rCorr Dex+2} (Xom gifted it to you on level 3 of the
                  | Shoals)
 39771 | Shoals:3 | XOM: god gift: glowing shortbow {god gift}
 39956 | Shoals:3 | XOM: scenery: create altars
 40175 | Shoals:3 | XOM: divination: detect creatures
 40501 | Shoals:4 | Entered Level 4 of the Shoals
 41060 | Shoals:3 | XOM: god gift: 839 gold pieces
 41255 | Shoals:4 | XOM: noise
 41276 | Shoals:4 | XOM: 1-stop teleportation journey
 41435 | Shoals:4 | XOM: potion effect (haste)
 41580 | Shoals:4 | XOM: fog
 41972 | Shoals:4 | Noticed Polyphemus
 41986 | Shoals:4 | XOM: summons 10 friendly demons
 41992 | Shoals:4 | Killed Polyphemus
 42178 | Shoals:4 | Reached skill level 10 in Evocations
 42204 | Shoals:4 | XOM: god gift: ring mail {god gift}
 42209 | Shoals:4 | XOM: god gift: wand of paralysis (6)
 42318 | Shoals:4 | XOM: smoke on damage
 42325 | Shoals:4 | XOM: summons 5 friendly demons
 42572 | Shoals:4 | XOM: divination: detect creatures
 42575 | Shoals:4 | Reached XP level 19. HP: 177/195 MP: 4/25
 42580 | Shoals:4 | Got a barnacled rune of Zot
 42586 | Shoals:4 | XOM: destruction
 42589 | Shoals:4 | XOM: cast spell 'Dispersal'
 42591 | Shoals:4 | XOM: enchant monster (good)
 42599 | Shoals:4 | XOM: polymorph merfolk -> troll
 42604 | Shoals:4 | XOM: silly message
 42726 | Shoals:4 | XOM: noise
 42764 | Shoals:4 | XOM: divination: detect items
 43685 | D:12     | XOM: divination: detect items
 43914 | Orc:1    | XOM: divination: detect creatures
 43946 | Elf:1    | Entered Level 1 of the Elven Halls
 44048 | Orc:2    | XOM: silly message
 44121 | Elf:1    | XOM: silly message
 44335 | Elf:1    | XOM: god gift: dented diamond amulet {god gift}
 44399 | Elf:1    | XOM: give mutations
 44399 | Elf:1    | Lost mutation: You are highly strong-willed. (Will++)
                  | [Xom's mischief]
 44399 | Elf:1    | Lost mutation: You are mostly covered in iridescent scales.
                  | (AC +4) [Xom's mischief]
 44399 | Elf:1    | Lost mutation: You have a pair of horns on your head.
                  | [Xom's mischief]
 44399 | Elf:1    | Lost mutation: You are strong-willed. (Will+) [Xom's
                  | mischief]
 44552 | Elf:1    | XOM: polymorph large abomination -> large abomination
 44730 | Elf:1    | XOM: 3-stop teleportation journey
 44741 | Elf:1    | XOM: polymorph deep elf archer -> polar bear
 45395 | Elf:1    | Got the Incunabulum of Rot
 45707 | Elf:1    | XOM: silly message
 45886 | Elf:1    | XOM: draining
 45935 | Elf:1    | XOM: summons 3 hostile shadow creatures
 45936 | Elf:1    | Paralysed by an air elemental for 1 turns
 46075 | Elf:1    | XOM: give mutations
 46075 | Elf:1    | Lost mutation: You are partially covered in iridescent
                  | scales. (AC +2) [Xom's mischief]
 46075 | Elf:1    | Lost mutation: You passively map a small area around you.
                  | [Xom's mischief]
 46075 | Elf:1    | Lost mutation: Your tail ends in a sharp venomous barb.
                  | [Xom's mischief]
 46075 | Elf:1    | Lost mutation: You possess an exceptional clarity of mind.
                  | [Xom's mischief]
 46126 | Elf:2    | Paralysed by an air elemental for 1 turns
 46132 | Elf:2    | XOM: confuse monster(s)
 46132 | Elf:2    | Paralysed by an air elemental for 1 turns
 46135 | Elf:2    | XOM: chaos upgrade
 46137 | Elf:2    | Paralysed by an air elemental for 1 turns
 46257 | Elf:2    | Found a huge runed translucent gate.
 46257 | Elf:2    | Found a huge runed translucent gate.
 46257 | Elf:2    | Found a huge runed translucent gate.
 46257 | Elf:2    | Found a huge runed translucent gate.
 46257 | Elf:2    | Found a huge runed translucent gate.
 46257 | Elf:2    | Found a huge runed translucent gate.
 46257 | Elf:2    | Found a huge runed translucent gate.
 46258 | Elf:2    | Found a huge runed translucent gate.
 46278 | Elf:2    | Found a runed translucent gate.
 46278 | Elf:2    | Found a runed translucent gate.
 46278 | Elf:2    | Found a runed translucent gate.
 46278 | Elf:2    | XOM: 1-stop teleportation journey
 46447 | Elf:2    | Paralysed by an air elemental for 1 turns
 46455 | Elf:2    | Paralysed by an air elemental for 1 turns
 46546 | Elf:2    | XOM: chaos upgrade
 46707 | Elf:2    | Paralysed by an air elemental for 1 turns
 46804 | Elf:2    | XOM: swap monsters
 46923 | Elf:2    | XOM: scenery: 3 doors close
 47167 | Elf:2    | XOM: polymorph deep elf zephyrmancer -> crocodile
 47182 | Elf:2    | XOM: divine lightning
 47196 | Elf:2    | Found a runed translucent gate.
 47225 | Elf:2    | Identified the +4 double sword "Siobiu" {flame, rC++}
 47225 | Elf:2    | XOM: 4-stop teleportation journey
 47332 | Elf:2    | Found a runed translucent gate.
 47332 | Elf:2    | Noticed Famehell's ghost (journeyman OpSh)
 47333 | Elf:2    | Noticed Bibap's ghost (adept MiFi)
 47334 | Elf:2    | Found a runed translucent gate.
 47334 | Elf:2    | Noticed Viaheush's ghost (journeyman GnWn)
 47335 | Elf:2    | Noticed Hulashix's ghost (journeyman MiBe)
 47462 | Elf:3    | Entered Level 3 of the Elven Halls
 47501 | Elf:2    | XOM: give mutations
 47501 | Elf:2    | Gained mutation: You have hidden genetic potential. [Xom's
                  | grace]
 47501 | Elf:2    | Gained mutation: You are partially covered in iridescent
                  | scales. (AC +2) [Xom's grace]
 47501 | Elf:2    | Gained mutation: Your muscles are strong. (Str +4, Int/Dex
                  | -1) [Xom's grace]
 47786 | Elf:2    | XOM: god gift: 54 gold pieces
 48007 | Elf:2    | XOM: god gift: flail {god gift}
 48129 | Elf:2    | XOM: fog
 48133 | Elf:2    | XOM: noise
 48134 | Elf:2    | XOM: silly message
 48137 | Elf:2    | Reached XP level 20. HP: 138/208 MP: 0/26
 48642 | D:13     | XOM: summons 1 hostile demon
 48696 | D:13     | XOM: god gift: club {god gift}
 48858 | Shoals:1 | XOM: silly message
 49318 | Elf:3    | Learned a level 3 spell: Fugue of the Fallen
 49325 | Elf:3    | Learned a level 6 spell: Dispersal
 49430 | Elf:3    | Found Xiol's Antique Armour Shop.
 49434 | Elf:3    | Bought a fine scale mail for 270 gold pieces
 49434 | Elf:3    | Identified the +3 scale mail of Losh {+Blink rPois Int+2
                  | Dex-4} (You bought it in a shop on level 3 of the Elven
                  | Halls)
 49436 | Elf:3    | XOM: noise
 49449 | Elf:3    | Paralysed by an air elemental for 1 turns
 49450 | Elf:3    | XOM: summons 16 friendly demons
 49470 | Elf:3    | Reached skill level 1 in Necromancy
 49701 | Elf:3    | Found Agump's Antique Weapon Shoppe.
 49906 | Elf:3    | XOM: cleaving
 50102 | Elf:3    | XOM: scenery: 1 doors close
 50588 | Elf:3    | XOM: cloud trail
 50671 | Elf:3    | XOM: god gift: scroll of noise
 50833 | Elf:3    | Reached skill level 5 in Spellcasting
 50890 | Elf:3    | XOM: give mutations
 50890 | Elf:3    | Gained mutation: Your muscles are very strong. (Str +8,
                  | Int/Dex -2) [Xom's grace]
 50890 | Elf:3    | Gained mutation: You have an increased reservoir of magic.
                  | (+10% MP) [Xom's grace]
 50890 | Elf:3    | Gained mutation: You have a pair of horns on your head.
                  | [Xom's grace]
 51822 | Elf:3    | XOM: scenery: 2 doors close
 51849 | Elf:3    | Identified the +0 chain mail of Zyhuyz {rC- rN+ Str+8}
 51854 | Elf:3    | Reached skill level 5 in Necromancy
 51952 | Elf:3    | XOM: give mutations
 51952 | Elf:3    | Lost mutation: You have hidden genetic potential. [Xom's
                  | grace]
 51952 | Elf:3    | Gained mutation: You are somewhat resistant to further
                  | mutation. [Xom's grace]
 51952 | Elf:3    | Gained mutation: You are mostly covered in iridescent
                  | scales. (AC +4) [Xom's grace]
 51952 | Elf:3    | Gained mutation: Your tail ends in a sharp venomous barb.
                  | [Xom's grace]
 51952 | Elf:3    | Gained mutation: Your tail ends in a wickedly sharp and
                  | venomous barb. [Xom's grace]
 52016 | Elf:3    | XOM: give mutations
 52016 | Elf:3    | Gained mutation: You have a pair of large horns on your
                  | head. [Xom's grace]
 52016 | Elf:3    | Gained mutation: You are completely covered in iridescent
                  | scales. (AC +6) [Xom's grace]
 52016 | Elf:3    | Gained mutation: A frigid envelope surrounds you and
                  | freezes all who hurt you. [Xom's grace]
 52030 | Elf:3    | XOM: scenery: 2 doors open, 1 doors close
 52261 | Abyss:2  | Cast into level 2 of the Abyss (a deep elf demonologist)
 52309 | Abyss:2  | XOM: enchant monster (good)
 52373 | Abyss:2  | XOM: god gift: wand of acid (5)
 52419 | Abyss:2  | Found a corrupted altar of Lugonu.
 52430 | Abyss:2  | XOM: scenery: create altars
 52558 | Abyss:2  | XOM: enchant monster (good)
 52590 | Abyss:2  | Found a corrupted altar of Lugonu.
 52607 | Abyss:2  | Found a corrupted altar of Lugonu.
 52607 | Abyss:2  | Found a corrupted altar of Lugonu.
 52776 | Abyss:2  | Reached skill level 10 in Armour
 52888 | Abyss:2  | Found a glowing golden altar of the Shining One.
 52936 | Abyss:2  | Found a glowing silver altar of Zin.
 52936 | Abyss:2  | Found an opulent altar of Gozag.
 52936 | Abyss:2  | Found a hazy altar of Hepliaklqana.
 52936 | Abyss:2  | Found a shimmering blue altar of Sif Muna.
 52936 | Abyss:2  | Found a sacrificial altar of Ru.
 52937 | Abyss:2  | Found a stormy altar of Qazlal.
 52937 | Abyss:2  | Found a sparkling altar of Nemelex Xobeh.
 52940 | Abyss:2  | XOM: fog
 52950 | Abyss:2  | Found a hazy altar of Hepliaklqana.
 52951 | Abyss:2  | Found a stormy altar of Qazlal.
 53079 | Abyss:2  | Identified the +2 mace of Dufew {elec, rElec Int+3} (You
                  | found it on level 2 of the Abyss)
 53086 | Elf:3    | Escaped the Abyss
 53135 | Elf:3    | Identified the +0 scale mail of Trial and Error {Will+
                  | rCorr}
 53481 | Elf:3    | XOM: scenery: 1 doors open, 1 doors close
 53712 | Elf:3    | Identified the +5 spear of Untimely Demise {holy, rPois
                  | rCorr Dex+3}
 53734 | Elf:3    | Learned a level 3 spell: Passwall
 53826 | Elf:3    | Reached skill level 10 in Stealth
 53948 | Elf:3    | Got the Folio of Hoarfrost
 53966 | Elf:3    | Identified the +0 scale mail of the Forgotten Friends {Fly
                  | Will++}
 53970 | Elf:3    | XOM: divine lightning
 54118 | Elf:3    | Identified the +3 dagger "Gitena" {antimagic, Will+}
 54414 | D:13     | XOM: noise
 54500 | D:13     | Killed TheBioAlchemist's ghost
 54604 | D:13     | XOM: god gift: wand of roots (5)
 54694 | D:12     | XOM: divination: detect items
 54713 | D:12     | Identified the ring of the Genius {*Slow rCorr Str+3 Int+3
                  | Dex+3}
 54801 | Vaults:1 | Entered Level 1 of the Vaults
 54857 | Vaults:1 | XOM: cast spell 'Discord'
 54898 | Vaults:1 | Found a magical portal.
 54907 | WizLab   | Entered Iskenderun's Mystic Tower
 55138 | WizLab   | XOM: god gift: +1 pair of boots of stealth
 55341 | WizLab   | XOM: divination: detect items
 55966 | WizLab   | Reached XP level 21. HP: 190/217 MP: 3/31
 56028 | WizLab   | XOM: give mutations
 56028 | WizLab   | Gained mutation: You have a considerably increased
                  | reservoir of magic. (+20% MP) [Xom's grace]
 56028 | WizLab   | Gained mutation: You possess an exceptional clarity of
                  | mind. [Xom's grace]
 56028 | WizLab   | Gained mutation: You are robust. (+10% HP) [Xom's grace]
 56028 | WizLab   | Gained mutation: Your natural rate of healing is unusually
                  | fast. [Xom's grace]
 56278 | WizLab   | Got Ipsecirr's Compilation of Warped Oxidation
 56286 | WizLab   | Got Iskenderun's Directory of Percussion
 56286 | WizLab   | Got Iskenderun's Papyrus of the Discharge
 56312 | WizLab   | XOM: god gift: 5 stones
 56403 | WizLab   | XOM: silly message
 56737 | WizLab   | XOM: summons 5 hostile demons
 56969 | Vaults:1 | XOM: 6-stop teleportation journey
 57060 | Vaults:1 | XOM: noise
 57073 | Vaults:1 | XOM: god gift: robe {god gift}
 57112 | Vaults:1 | XOM: scenery: 1 doors close
 57284 | Vaults:1 | Noticed Agnes
 57300 | Vaults:1 | Killed Agnes
 57369 | Vaults:1 | XOM: 1-stop teleportation journey
 57376 | Vaults:1 | XOM: 4-stop teleportation journey
 57471 | Vaults:1 | XOM: 1-stop teleportation journey
 57665 | Vaults:1 | Paralysed by a formless jellyfish for 1 turns
 57995 | Vaults:1 | XOM: scenery: 3 doors open
 58149 | Vaults:1 | XOM: give mutation
 58149 | Vaults:1 | Gained mutation: You passively map a small area around you.
                  | [Xom's grace]
 58474 | Vaults:1 | XOM: scenery: summon butterflies
 58549 | Vaults:1 | Found Denkuff's Magic Scroll Emporium.
 58552 | Vaults:1 | Bought a scroll of butterflies for 56 gold pieces
 58552 | Vaults:1 | Bought 2 scrolls of blinking for 210 gold pieces
 58552 | Vaults:1 | Bought a scroll of fear for 56 gold pieces
 58552 | Vaults:1 | Bought a scroll of fear for 56 gold pieces
 58658 | Vaults:1 | Identified the +7 shortbow of Tender Mercy {drain, rPois
                  | rCorr Str-4 Int+4}
 58792 | Vaults:1 | XOM: enchant monster (good)
 59019 | Vaults:1 | XOM: scenery: 1 doors close
 59169 | Vaults:1 | Identified the +2 short sword "Pett" {holy, rElec Str+3}
 59741 | Vaults:2 | Found a huge runed translucent gate.
 59741 | Vaults:2 | Found a huge runed translucent gate.
 59741 | Vaults:2 | Found a huge runed translucent gate.
 59741 | Vaults:2 | Found a huge runed translucent gate.
 59741 | Vaults:2 | Found a huge runed translucent gate.
 59741 | Vaults:2 | Found a huge runed translucent gate.
 59741 | Vaults:2 | Found a huge runed translucent gate.
 59741 | Vaults:2 | Found a huge runed translucent gate.
 59741 | Vaults:2 | Found a huge runed translucent gate.
 59742 | Vaults:2 | Found a huge runed translucent gate.
 59742 | Vaults:2 | Found a huge runed translucent gate.
 59742 | Vaults:2 | Found a huge runed translucent gate.
 59742 | Vaults:2 | Found a huge runed translucent gate.
 59742 | Vaults:2 | Found a huge runed translucent gate.
 59742 | Vaults:2 | Found a huge runed translucent gate.
 59743 | Vaults:2 | Found a huge runed translucent gate.
 59750 | Vaults:2 | Found a huge runed translucent gate.
 59751 | Vaults:2 | Found a huge runed translucent gate.
 59752 | Vaults:2 | Found a huge runed translucent gate.
 59753 | Vaults:2 | Found a huge runed translucent gate.
 59753 | Vaults:2 | Found a huge runed translucent gate.
 59758 | Vaults:2 | Found a huge runed translucent gate.
 59759 | Vaults:2 | Found a huge runed translucent gate.
 59759 | Vaults:2 | Found a huge runed translucent gate.
 59759 | Vaults:2 | Found a huge runed translucent gate.
 59759 | Vaults:2 | Found a huge runed translucent gate.
 59761 | Vaults:2 | Found a huge runed translucent gate.
 59762 | Vaults:2 | Found a huge runed translucent gate.
 59763 | Vaults:2 | Found a huge runed translucent gate.
 59763 | Vaults:2 | Found a huge runed translucent gate.
 59767 | Vaults:2 | Found a huge runed translucent gate.
 59770 | Vaults:2 | Found a huge runed translucent gate.
 59771 | Vaults:2 | Found a huge runed translucent gate.
 59771 | Vaults:2 | Found a huge runed translucent gate.
 59771 | Vaults:2 | Found a huge runed translucent gate.
 59773 | Vaults:2 | Found a huge runed translucent gate.
 59786 | Vaults:2 | Noticed Mennas
 59800 | Vaults:2 | Killed Mennas
 59801 | Vaults:2 | Reached skill level 10 in Necromancy
 59838 | Vaults:2 | Noticed Zenata
 59853 | Vaults:2 | Killed Zenata
 60177 | Vaults:2 | Reached skill level 15 in Stealth
 60184 | Vaults:2 | XOM is BORED!
 60184 | Vaults:2 | XOM: draining
 60302 | Vaults:2 | XOM: 1-stop teleportation journey
 60338 | Vaults:2 | Found a runed translucent door.
 60338 | Vaults:2 | Found a shimmering altar of Xom.
 60338 | Vaults:2 | Noticed Kevimi's ghost (adept FeNe)
 60338 | Vaults:2 | Identified the +9 demon whip of Propriety {chaos, +Blink}
 60367 | Vaults:2 | Reached skill level 1 in Dodging
 60367 | Vaults:2 | XOM: summons 4 friendly demons
 60508 | Vaults:2 | XOM: scenery: 1 doors close
 60811 | Vaults:2 | XOM: 1-stop teleportation journey
 61000 | Vaults:2 | Identified the +0 ring mail "Liuq" {*Corrode +Blink Regen+
                  | Int+3}
 61194 | Vaults:2 | XOM: give mutations
 61194 | Vaults:2 | Gained mutation: You are covered in fur. (AC +1) [Xom's
                  | grace]
 61194 | Vaults:2 | Gained mutation: You are covered in thick fur. (AC +2)
                  | [Xom's grace]
 61194 | Vaults:2 | Gained mutation: You have a greatly increased reservoir of
                  | magic. (+30% MP) [Xom's grace]
 61194 | Vaults:2 | Gained mutation: You are strong-willed. (Will+) [Xom's
                  | grace]
 61280 | Vaults:2 | Identified the serpent talisman "Wuhuff" {rC- Int+2 Stlth+}
 61280 | Vaults:2 | Noticed Aizul
 61288 | Vaults:2 | Killed Aizul
 61398 | Vaults:2 | XOM: scenery: 1 doors close
 61903 | Vaults:3 | Noticed Norris
 61911 | Vaults:3 | XOM: noise
 61914 | Vaults:3 | Killed Norris
 61960 | Vaults:3 | Identified the +2 robe of Faetzasu {Dex+2}
 61960 | Vaults:3 | Noticed Boris
 61973 | Vaults:3 | Killed Boris
 61974 | Vaults:3 | Reached XP level 22. HP: 155/250 MP: 5/38
 62012 | Vaults:3 | XOM: silly message
 62462 | Vaults:3 | XOM: summons 2 hostile demons
 62573 | Vaults:3 | Identified the +3 robe "Muzepne" {Int+5}
 62846 | Vaults:3 | Found a staircase to the Crypt.
 62846 | Vaults:3 | Found a basalt altar of Yredelemnul.
 62846 | Vaults:3 | Found an ancient bone altar of Kikubaaqudgha.
 62948 | Vaults:3 | XOM: 2-stop teleportation journey
 64330 | Vaults:4 | Paralysed by a formless jellyfish for 1 turns
 64433 | Vaults:4 | Noticed Saint Roka
 64456 | Vaults:4 | Killed Saint Roka
 64605 | Vaults:4 | XOM: confuse monster(s)
 64614 | Vaults:4 | Learned a level 1 spell: Apportation
 64896 | Vaults:4 | XOM: summons 12 hostile demons
 64992 | Vaults:4 | XOM: noise
 65279 | Vaults:4 | Reached skill level 5 in Dodging
 65467 | Vaults:4 | Identified the +4 robe of the Dragon {rN+ rCorr Archmagi}
 65467 | Vaults:4 | Noticed Boris
 65473 | Vaults:4 | XOM: summons 12 friendly demons
 65479 | Vaults:4 | Killed Boris
 65492 | Vaults:4 | XOM: divine lightning
 65947 | Vaults:4 | XOM: draining
 66700 | Depths:1 | Entered Level 1 of the Depths
 66700 | Depths:1 | Found Ovadakost's Self-Published Books.
 66708 | Depths:1 | XOM: summons friendly crimson imp
 66711 | Depths:1 | Reached XP level 23. HP: 225/236 MP: 1/39
 66985 | Depths:1 | Found a one-way gateway to a ziggurat.
 66985 | Depths:1 | XOM: 6-stop teleportation journey
 66989 | Depths:1 | Found a runed translucent gate.
 66990 | Depths:1 | Found a runed translucent gate.
 66991 | Depths:1 | Found a runed translucent gate.
 67019 | Depths:1 | XOM: noise
 67132 | Abyss:2  | Cast into level 2 of the Abyss (Xom)
 67162 | Abyss:2  | XOM: god gift: +2 barding of fire resistance
 67208 | Abyss:3  | Found a corrupted altar of Lugonu.
 67223 | Abyss:3  | Found a corrupted altar of Lugonu.
 67296 | Depths:1 | Escaped the Abyss
 67303 | Depths:1 | Found a gateway to Hell.
 67328 | Depths:1 | XOM: scenery: create altars
 67365 | Depths:1 | XOM: god gift: 37 gold pieces
 67511 | Depths:1 | XOM: cloud trail
 68047 | Depths:1 | Found a viscous altar of Jiyva.
 68047 | Depths:1 | Noticed CougarLife's ghost (adept GrEE)
 68140 | Depths:1 | XOM: scenery: 1 doors close
 68250 | Depths:1 | XOM: god gift: curare-tipped dart
 68292 | Depths:1 | XOM: scenery: summon butterflies
 68424 | Depths:2 | XOM: 7-stop teleportation journey
 68482 | Depths:2 | XOM: divine lightning
 68587 | Depths:2 | Noticed a caustic shrike
 68593 | Depths:2 | Killed a caustic shrike
 68914 | Depths:2 | XOM: divination: detect creatures
 69316 | Depths:2 | XOM: polymorph green very ugly thing -> cyan very ugly
                  | thing
 69323 | Depths:2 | XOM: destruction
 69697 | Depths:2 | XOM: 1-stop teleportation journey
 70069 | Depths:2 | XOM: scenery: 5 doors close
 70083 | Depths:2 | Found a one-way gate leading to the halls of Pandemonium.
 70156 | Depths:2 | XOM: god gift: staff of air
 70847 | Depths:3 | Reached skill level 15 in Evocations
 70851 | Depths:3 | Noticed a golden dragon
 70852 | Depths:3 | XOM: enchant monster (good)
 71004 | Depths:3 | Killed a golden dragon
 71263 | Depths:3 | XOM: noise
 71518 | Depths:3 | XOM: divine lightning
 71557 | Depths:3 | XOM: scenery: summon butterflies
 71993 | Depths:3 | XOM: confuse monster(s)
 72032 | Depths:3 | XOM: polymorph frost giant -> alligator
 72166 | Depths:3 | XOM: god gift: scroll of teleportation
 72292 | Depths:3 | Noticed a caustic shrike
 72305 | Depths:3 | Killed a caustic shrike
 72455 | Depths:3 | Found a glowing golden altar of the Shining One.
 72528 | Depths:3 | XOM: stat loss: -1 Dex (10/11)
 72578 | Depths:3 | Reached XP level 24. HP: 268/268 MP: 5/39
 72581 | Depths:3 | Found a one-way gate to the infinite horrors of the Abyss.
 72736 | Depths:3 | Reached skill level 5 in Throwing
 72907 | Depths:3 | XOM: give mutations
 72907 | Depths:3 | Lost mutation: You passively dampen the noise of your
                  | surroundings. [Xom's mischief]
 72907 | Depths:3 | Lost mutation: You are somewhat resistant to further
                  | mutation. [Xom's mischief]
 72907 | Depths:3 | Lost mutation: Your mind is very acute. (Int +8, Str/Dex
                  | -2) [Xom's mischief]
 73001 | Depths:3 | XOM: 1-stop teleportation journey
 73340 | Depths:4 | Entered Level 4 of the Depths
 73493 | Depths:4 | XOM: noise
 73499 | Depths:4 | XOM: silly message
 73507 | Depths:4 | XOM: cast spell 'Animate Armour'
 73739 | Depths:4 | XOM: divination: detect creatures
 73759 | Depths:4 | Found a stormy altar of Qazlal.
 73993 | Depths:4 | Found a gate to the Realm of Zot.
 74009 | Depths:4 | XOM: confuse monster(s)
 74027 | Depths:4 | XOM: divination: magic mapping
 74035 | Depths:4 | Reached skill level 17 in Maces & Flails
 74617 | Depths:4 | XOM: potion effect (haste)
 74620 | Depths:4 | XOM: god gift: potion of enlightenment
 74679 | Depths:4 | XOM: scenery: 2 doors open, 1 doors close
 74778 | Depths:4 | XOM: cloud trail
 74874 | Depths:4 | XOM: god gift: 18 gold pieces
 74898 | Depths:4 | Identified the +1 glaive of Indomitability {spect, rC+ rN+
                  | Dex+3}
 74908 | Depths:4 | Found Gecoem's Weapon Emporium.
 75476 | Depths:4 | Reached skill level 10 in Throwing
 75998 | Elf:2    | XOM: scenery: 1 doors close
 76059 | Elf:2    | XOM: cast spell 'Discord'
 76064 | Elf:2    | Killed Viaheush's ghost
 76078 | Elf:2    | Killed Hulashix's ghost
 76085 | Elf:2    | XOM: confuse monster(s)
 76087 | Elf:2    | XOM: god gift: box of beasts
 76088 | Elf:2    | Killed Famehell's ghost
 76108 | Elf:2    | Killed Bibap's ghost
 76127 | Elf:2    | Identified the ring of the Dowdy Mangosteen {Fly rN+}
 76128 | Elf:2    | Identified the amulet of the Doomed God {Acrobat rC+ Str+3
                  | Dex+6}
 76204 | Elf:2    | XOM: scenery: 1 fountains blood, 2 doors close
 76557 | Lair:5   | Found a burning altar of Makhleb.
 76560 | Lair:5   | XOM: noise
 77150 | Vaults:4 | XOM: silly message
 77204 | Vaults:5 | Entered Level 5 of the Vaults
 77307 | Vaults:5 | XOM: stat loss: -1 Int (18/19)
 77408 | Vaults:5 | Got a silver rune of Zot
 77518 | Vaults:5 | XOM: summons 8 friendly demons
 77521 | Vaults:5 | XOM: blink monster(s)
 77527 | Vaults:5 | XOM: enchant monster (bad)
 77533 | Vaults:5 | XOM: summons 5 friendly demons
 77810 | Vaults:5 | XOM: 1-stop teleportation journey
 77814 | Vaults:5 | XOM: scenery: summon butterflies
 77959 | Vaults:5 | XOM: silly message
 77985 | Vaults:5 | XOM: silly message
 78002 | Vaults:5 | XOM: potion effect (berserk rage)
 78029 | Vaults:5 | Reached XP level 25. HP: 266/277 MP: 3/39
 78330 | Vaults:5 | Noticed a dread lich
 78342 | Vaults:5 | Killed a dread lich
 78384 | Vaults:5 | XOM: god gift: broad axe {god gift}
 78452 | Vaults:5 | Found Nithoman's Magic Scroll Shoppe.
 78452 | Vaults:5 | Noticed Xtahua
 78452 | Vaults:5 | XOM: 1-stop teleportation journey
 78455 | Vaults:5 | XOM: cast spell 'Leda's Liquefaction'
 78471 | Vaults:5 | Killed Xtahua
 78487 | Vaults:5 | XOM: enchant monster (bad)
 78692 | Vaults:5 | XOM: silly message
 78719 | Vaults:5 | Bought a scroll of enchant weapon for 97 gold pieces
 78719 | Vaults:5 | Bought a scroll of enchant armour for 97 gold pieces
 78936 | Vaults:5 | XOM: god gift: 15 gold pieces
 79035 | Vaults:5 | Reached skill level 15 in Throwing
 79040 | Vaults:5 | XOM: god gift: 59 gold pieces
 79117 | Vaults:5 | Identified the +0 cloak "Licolial" {Harm rN+ rCorr}
 79164 | Vaults:5 | Identified the ring of Cheibriados's Delight {rElec rC++
                  | Will- rCorr Int+6}
 79215 | Vaults:5 | Noticed a dread lich
 79226 | Vaults:5 | XOM: summons 3 friendly demons
 79229 | Vaults:5 | Killed a dread lich
 79231 | Vaults:5 | XOM: 1-stop teleportation journey
 79434 | Vaults:5 | Identified the scarf of Integrity {harm, -Tele rPois rC+
                  | Dex+7}
 79500 | Vaults:5 | Identified the +3 mace of Paetof {drain, rElec}
 79500 | Vaults:5 | Identified the +3 leather armour of Hubris {rC+ MP+9}
 79520 | Vaults:5 | XOM: 1-stop teleportation journey
 79558 | Vaults:5 | XOM: 3-stop teleportation journey
 79647 | Vaults:5 | XOM is BORED!
 79647 | Vaults:5 | XOM: summons 3 hostile shadow creatures
 80098 | Vaults:5 | XOM: 7-stop teleportation journey
 80186 | Vaults:5 | XOM: give mutations
 80186 | Vaults:5 | Gained mutation: You are very robust. (+20% HP) [Xom's
                  | grace]
 80186 | Vaults:5 | Gained mutation: You are highly strong-willed. (Will++)
                  | [Xom's grace]
 80186 | Vaults:5 | Gained mutation: You heal very quickly. [Xom's grace]
 80186 | Vaults:5 | Gained mutation: You are agile. (Dex +4, Str/Int -1) [Xom's
                  | grace]
 80255 | Vaults:5 | Identified the +5 mace of Cruel Justice {drain, rElec Str+3
                  | Int+3 Stlth+}
 80284 | Vaults:5 | Identified the ring of Contention {Wiz Slay+2 Stlth+}
 80286 | Vaults:5 | Identified the staff of Broken Luck {*Slow rPois rC+ Int+3
                  | Ice Earth}
 80529 | Vaults:5 | Identified the +1 robe of Duologh {Harm MP+9 SInv}
 80542 | Vaults:5 | Identified the +2 scale mail of Jaosulu {rCorr MP+9 Slay+3}
 80912 | Lair:4   | XOM: divination: magic mapping
 81155 | Slime:1  | Entered Level 1 of the Pits of Slime
 81340 | Slime:1  | XOM: cloud trail
 81394 | Slime:1  | XOM: 5-stop teleportation journey
 81400 | Slime:1  | XOM: divine lightning
 81551 | Slime:1  | XOM: god gift: 2 silver javelins
 81557 | Slime:1  | XOM: destruction
 81710 | Slime:1  | XOM: cleaving
 81710 | Slime:1  | Lost mutation: You possess an exceptional clarity of mind.
                  | [a shining eye]
 81826 | Slime:1  | XOM: give mutation
 81826 | Slime:1  | Lost mutation: Your movements are slightly less encumbered
                  | by armour. (ER -2) [Xom's mischief]
 82230 | Depths:1 | Bought the Handbook of Legendary Spells, Part IX for 1476
                  | gold pieces
 82235 | Depths:1 | Learned a level 4 spell: Vhi's Electric Charge
 82327 | D:13     | XOM: give mutations
 82327 | D:13     | Lost mutation: You are agile. (Dex +4, Str/Int -1) [Xom's
                  | mischief]
 82327 | D:13     | Lost mutation: You can exhale a cloud of poison. [Xom's
                  | mischief]
 82540 | Slime:2  | Gained mutation: You occasionally lose the ability to drink
                  | potions when taking damage. [a shining eye]
 82541 | Slime:2  | Reached skill level 1 in Air Magic
 82714 | Slime:2  | Gained mutation: You are clumsy. (Dex -2) [a shining eye]
 82715 | Slime:2  | Lost mutation: You are very robust. (+20% HP) [a shining
                  | eye]
 82730 | Slime:2  | XOM: summons friendly iron imp
 82734 | Slime:2  | XOM: confuse monster(s)
 83122 | Slime:2  | XOM: give mutations
 83122 | Slime:2  | Lost mutation: You expend magic power (3 MP) to strengthen
                  | your wands. [Xom's mischief]
 83122 | Slime:2  | Lost mutation: A frigid envelope surrounds you and freezes
                  | all who hurt you. [Xom's mischief]
 83230 | Slime:2  | XOM: 3-stop teleportation journey
 83376 | Slime:3  | Reached skill level 5 in Air Magic
 83383 | Slime:3  | XOM: polymorph acid blob -> ice dragon
 83385 | Slime:3  | XOM: silly message
 83715 | Slime:3  | XOM: cloud trail
 83723 | Slime:4  | XOM: summons friendly crimson imp
 83725 | Slime:4  | XOM: summons 6 friendly demons
 84272 | Slime:4  | XOM: give mutations
 84272 | Slime:4  | Gained mutation: You expend magic power (3 MP) to
                  | strengthen your wands. [Xom's grace]
 84272 | Slime:4  | Gained mutation: You are somewhat resistant to further
                  | mutation. [Xom's grace]
 84272 | Slime:4  | Lost mutation: You are somewhat resistant to further
                  | mutation. [Xom's grace]
 84272 | Slime:4  | Gained mutation: You have hidden genetic potential. [Xom's
                  | grace]
 84272 | Slime:4  | Gained mutation: Your flesh is heat resistant. (rF+) [Xom's
                  | grace]
 84291 | Slime:5  | Entered Level 5 of the Pits of Slime
 84344 | Slime:5  | XOM: polymorph glass eye -> water moccasin
 84471 | Slime:5  | XOM: god gift: scroll of poison
 84674 | Slime:5  | Gained mutation: You sometimes lose the ability to drink
                  | potions when taking damage. [a shining eye]
 84675 | Slime:5  | Gained mutation: You occasionally lose the ability to read
                  | scrolls when taking damage. [a shining eye]
 84677 | Slime:5  | Lost mutation: Your muscles are very strong. (Str +8,
                  | Int/Dex -2) [a shining eye]
 84837 | Slime:5  | Found the +11 plutonium sword {^Contam Stlth-}
 85014 | Slime:5  | XOM: confuse monster(s)
 85034 | Slime:5  | Lost mutation: You are robust. (+10% HP) [a shining eye]
 85036 | Slime:5  | Gained mutation: You occasionally shout uncontrollably at
                  | your foes. [a shining eye]
 85177 | Slime:5  | Noticed the Royal Jelly
 85189 | Slime:5  | XOM: god gift: 612 gold pieces
 85314 | Slime:5  | XOM: cleaving
 85378 | Slime:5  | Reached skill level 15 in Translocations
 85378 | Slime:5  | Reached XP level 26. HP: 252/261 MP: 33/44
 85763 | Slime:5  | XOM: give mutations
 85763 | Slime:5  | Lost mutation: You have a pair of large horns on your head.
                  | [Xom's mischief]
 85763 | Slime:5  | Lost mutation: You heal very quickly. [Xom's mischief]
 85763 | Slime:5  | Lost mutation: Your natural rate of healing is unusually
                  | fast. [Xom's mischief]
 85782 | Slime:5  | XOM: draining
 86086 | Slime:5  | Found a viscous altar of Jiyva.
 86172 | Slime:5  | XOM is BORED!
 86172 | Slime:5  | XOM: stat loss: -2 Str (27/29)
 86201 | Slime:5  | XOM: cast spell 'Discord'
 86218 | Slime:5  | XOM: summons 5 hostile demons
 86219 | Slime:5  | Killed the Royal Jelly
 86389 | Slime:4  | Identified the ring "Ykeskepa" {rElec rC+ Will+} (Xom
                  | gifted it to you on level 4 of the Pits of Slime)
 86389 | Slime:4  | XOM: god gift: ring "Ykeskepa" {rElec rC+ Will+}
 86554 | Slime:5  | XOM: give mutations
 86554 | Slime:5  | Lost mutation: You have a greatly increased reservoir of
                  | magic. (+30% MP) [Xom's mischief]
 86554 | Slime:5  | Lost mutation: You have hidden genetic potential. [Xom's
                  | mischief]
 86554 | Slime:5  | Lost mutation: You expend magic power (3 MP) to strengthen
                  | your wands. [Xom's mischief]
 86706 | Slime:5  | Identified the ring "Mimeeck" {rPois rF+ Dex-2 Slay+4}
 86786 | Slime:5  | Got a slimy rune of Zot
 86842 | Slime:5  | Identified the +0 trident of the Keeping Scavenger {flame,
                  | rN+++ Will+ Str+3 Stlth-}
 86885 | Slime:5  | Identified the +0 leather armour of the Trees {rC+++ Regen+
                  | Dex-3}
 87323 | Lair:1   | XOM: noise
 87325 | Lair:1   | XOM: stat loss: -1 Int (19/20)
 87581 | Zot:1    | Entered Level 1 of the Realm of Zot
 87610 | Zot:1    | XOM: noise
 87873 | Zot:1    | XOM: confuse monster(s)
 87941 | Depths:4 | XOM: god gift: 2 boomerangs
 88239 | Zot:1    | XOM: swap monsters
 88300 | Zot:1    | XOM: silly message
 88432 | Zot:1    | Noticed a Killer Klown
 88458 | Zot:1    | Killed a Killer Klown
 88632 | Zot:2    | XOM: give mutations
 88632 | Zot:2    | Lost mutation: You sometimes lose the ability to drink
                  | potions when taking damage. [Xom's mischief]
 88632 | Zot:2    | Lost mutation: Your mind is acute. (Int +4, Str/Dex -1)
                  | [Xom's mischief]
 88632 | Zot:2    | Lost mutation: You occasionally lose the ability to read
                  | scrolls when taking damage. [Xom's mischief]
 88632 | Zot:2    | Lost mutation: Your muscles are strong. (Str +4, Int/Dex
                  | -1) [Xom's mischief]
 88715 | Zot:2    | XOM: 1-stop teleportation journey
 88716 | Zot:2    | Noticed a Killer Klown
 88716 | Zot:2    | Noticed a Killer Klown
 88721 | Zot:2    | Killed a Killer Klown
 88726 | Zot:2    | XOM: swap monsters
 88729 | Zot:2    | Killed a Killer Klown
 88932 | Zot:2    | XOM: summons 14 hostile demons
 88945 | Zot:2    | XOM: stat loss: -1 Dex (16/17)
 89320 | Zot:2    | XOM: blink monster(s)
 89330 | Zot:2    | XOM: silly message
 89333 | Zot:2    | XOM: noise
 89524 | Zot:2    | XOM: god gift: 846 gold pieces
 89699 | Zot:2    | XOM: noise
 90678 | Zot:2    | XOM: give mutation
 90678 | Zot:2    | Lost mutation: You are highly strong-willed. (Will++)
                  | [Xom's mischief]
 90845 | Zot:2    | XOM: polymorph protean progenitor -> moth of wrath
 90924 | Zot:2    | XOM: summons 4 hostile shadow creatures
 90926 | Zot:3    | Noticed Vv
 90939 | Zot:3    | Killed Vv
 90945 | Zot:3    | XOM: summons 3 hostile shadow creatures
 91060 | Zot:3    | XOM: 2-stop teleportation journey
 91474 | Zot:2    | XOM: summons 2 friendly demons
 91497 | Zot:2    | XOM: stat loss: -1 Str (25/26)
 91571 | Zot:2    | XOM: give mutation
 91571 | Zot:2    | Lost mutation: Your spells are a little harder to cast, but
                  | a little more powerful. [Xom's mischief]
 91765 | Zot:3    | Reached XP level 27. HP: 273/273 MP: 22/42
 91924 | Zot:3    | Reached skill level 1 in Earth Magic
 92165 | Zot:2    | XOM: summons 4 hostile shadow creatures
 92168 | Zot:3    | XOM: summons 3 friendly demons
 92584 | Zot:3    | XOM: 9-stop teleportation journey
 92606 | Zot:3    | Noticed a dread lich
 92609 | Zot:3    | Killed a dread lich
 92610 | Zot:3    | Paralysed by a Zot trap for 3 turns
 92877 | Zot:3    | XOM: give mutations
 92877 | Zot:3    | Lost mutation: You occasionally lose the ability to drink
                  | potions when taking damage. [Xom's mischief]
 92877 | Zot:3    | Lost mutation: You have a considerably increased reservoir
                  | of magic. (+20% MP) [Xom's mischief]
 92877 | Zot:3    | Lost mutation: You are completely covered in iridescent
                  | scales. (AC +6) [Xom's mischief]
 93064 | Zot:3    | XOM: 1-stop teleportation journey
 93250 | Zot:3    | Noticed an orb of fire
 93251 | Zot:3    | Gained mutation: You are frail. (-10% HP) [an orb of fire]
 93257 | Zot:3    | Killed an orb of fire
 93526 | Zot:3    | Acquired the +12 plate armour "Raesmiod" {rF+ Dex+2}
 93686 | Zot:5    | Entered Level 5 of the Realm of Zot
 93926 | Zot:5    | XOM: fake destruction
 93935 | Zot:5    | Reached skill level 15 in Armour
 94591 | Zot:5    | Noticed an orb of fire
 94602 | Zot:5    | XOM: enchant monster (bad)
 94603 | Zot:5    | Gained mutation: Your spells are a little easier to cast,
                  | but a little less powerful. [an orb of fire]
 94607 | Zot:5    | Killed an orb of fire
 94868 | Zot:5    | Noticed an orb of fire
 94871 | Zot:5    | XOM: summons 10 friendly demons
 94878 | Zot:5    | Noticed an ancient lich
 94886 | Zot:5    | XOM: divination: magic mapping
 94889 | Zot:5    | Killed an ancient lich
 94894 | Zot:5    | Noticed a dread lich
 94896 | Zot:5    | Reached skill level 18 in Maces & Flails
 94901 | Zot:5    | Killed a dread lich
 95101 | Zot:4    | XOM: repel stairs
 95269 | Zot:4    | XOM: give mutations
 95269 | Zot:4    | Lost mutation: You are strong-willed. (Will+) [Xom's
                  | mischief]
 95269 | Zot:4    | Lost mutation: You occasionally shout uncontrollably at
                  | your foes. [Xom's mischief]
 95269 | Zot:4    | Lost mutation: You have an increased reservoir of magic.
                  | (+10% MP) [Xom's mischief]
 95269 | Zot:4    | Lost mutation: You are frail. (-10% HP) [Xom's mischief]
 95337 | Zot:4    | XOM: give mutations
 95337 | Zot:4    | Lost mutation: You have a pair of horns on your head.
                  | [Xom's mischief]
 95337 | Zot:4    | Gained mutation: You do not regenerate when monsters are
                  | visible. [Xom's mischief]
 95337 | Zot:4    | Lost mutation: Your spells are a little easier to cast, but
                  | a little less powerful. [Xom's mischief]
 95442 | Zot:4    | XOM: 1-stop teleportation journey
 95448 | Zot:4    | Reached skill level 19 in Maces & Flails
 95709 | Zot:4    | XOM: cast spell 'Summon Hydra'
 96032 | Zot:4    | XOM: 1-stop teleportation journey
 96935 | Zot:4    | XOM: draining
 96943 | Zot:4    | XOM: polymorph green draconian -> alligator
 96979 | Zot:4    | XOM: scenery: summon butterflies
 97281 | Zot:5    | Noticed an orb of fire
 97281 | Zot:5    | XOM: 6-stop teleportation journey
 97283 | Zot:5    | XOM: god gift: +0 flail of draining
 97888 | Zot:5    | Gained mutation: Your health recovers twice as slowly from
                  | being drained. [an orb of fire]
 97895 | Zot:5    | Killed an orb of fire
 97896 | Zot:5    | Reached skill level 20 in Maces & Flails
 97975 | Zot:5    | XOM: 3-stop teleportation journey
 98026 | Zot:5    | XOM: god gift: 982 gold pieces
 98310 | Zot:5    | XOM: scenery: create altars
 98529 | Zot:5    | XOM: cast spell 'Summon Hydra'
 98532 | Zot:5    | Gained mutation: Potions are less effective at restoring
                  | your health. [an orb of fire]
 98533 | Zot:5    | Killed an orb of fire
 98805 | Zot:5    | XOM: summons friendly crimson imp
 98806 | Zot:5    | XOM: summons 8 friendly demons
 98811 | Zot:5    | Reached skill level 21 in Maces & Flails
 98824 | Zot:5    | XOM: noise
 98869 | Zot:5    | Noticed a dread lich
 98874 | Zot:5    | Killed a dread lich
 99313 | Zot:4    | XOM: give mutation
 99313 | Zot:4    | Lost mutation: You are covered in thick fur. (AC +2) [Xom's
                  | mischief]
 99497 | Zig:1    | Entered Level 1 of a ziggurat
 99564 | Zig:2    | Entered Level 2 of a ziggurat
 99638 | Zig:3    | Entered Level 3 of a ziggurat
 99689 | Zig:3    | XOM: give mutations
 99689 | Zig:3    | Gained mutation: Your muscles are strong. (Str +4, Int/Dex
                  | -1) [Xom's grace]
 99689 | Zig:3    | Gained mutation: You possess an exceptional clarity of
                  | mind. [Xom's grace]
 99689 | Zig:3    | Gained mutation: Your flesh is very heat resistant. (rF++)
                  | [Xom's grace]
 99689 | Zig:3    | Gained mutation: You are robust. (+10% HP) [Xom's grace]
 99740 | Zig:4    | Entered Level 4 of a ziggurat
 99833 | Zig:4    | Identified the +4 sling of Big Damage {flame, rElec}
 99839 | Zig:5    | Entered Level 5 of a ziggurat
 99930 | Zig:5    | XOM: scenery: create altars
 99966 | Zig:6    | Entered Level 6 of a ziggurat
 99978 | Zig:6    | Reached skill level 22 in Maces & Flails
100124 | Zig:6    | Acquired the +8 orange crystal plate armour {Archmagi,
                  | Int+3 Clar}
100124 | Zig:6    | Found the +8 orange crystal plate armour {Archmagi, Int+3
                  | Clar}
100229 | Zig:7    | Entered Level 7 of a ziggurat
100306 | Zig:7    | XOM: give mutation
100306 | Zig:7    | Gained mutation: You can exhale a cloud of poison. [Xom's
                  | grace]
100341 | Zig:7    | Identified the +0 chain mail "Nuweah" {rElec rF- Slay+2}
100365 | Zig:7    | Learned a level 6 spell: Death Channel
100538 | Zot:4    | XOM: god gift: staff of death
100629 | Zot:5    | Got the Orb of Zot
100904 | Depths:2 | XOM: cast spell 'Monstrous Menagerie'
101001 | D:15     | You paid a toll of 7 potions of haste to enter a treasure
                  | trove
101002 | Trove    | Entered a treasure trove
101005 | Trove    | Found the amulet of the Four Winds {rN+ Will+++ Clar}
101006 | Trove    | Identified the amulet "Lyellosh" {rN+++ Regen+ Str-5 Int+4}
101007 | Trove    | Identified the ring of Hianih {Fly rCorr Slay+4}
101008 | Trove    | Identified the ring of Fulikinn {rC++ MP+9}
101011 | Trove    | Identified the amulet of Wotzih {rPois rF++ Regen+ rCorr
                  | Stlth+}
101029 | Trove    | Identified the ring "Tots" {rN+ Dex+3}
101032 | Trove    | Identified the amulet "Ofyt" {rC+ Will- Regen+ Str+3 Int+4}
101034 | Trove    | Identified the ring of Bodily Harmony {Wiz +Blink rN+
                  | Dex-3}
101191 | D:15     | XOM: noise
101198 | D:15     | XOM: give mutations
101198 | D:15     | Lost mutation: You are covered in fur. (AC +1) [Xom's
                  | mischief]
101198 | D:15     | Lost mutation: You do not regenerate when monsters are
                  | visible. [Xom's mischief]
101282 | D:13     | Noticed Noass the pandemonium lord
101286 | D:13     | Killed Noass the pandemonium lord
101468 | D:5      | Noticed a seraph
101468 | D:5      | XOM: polymorph seraph -> seraph
101586 | D:2      | XOM: give mutations
101586 | D:2      | Lost mutation: You can exhale a cloud of poison. [Xom's
                  | mischief]
101586 | D:2      | Lost mutation: Your tail ends in a wickedly sharp and
                  | venomous barb. [Xom's mischief]
101586 | D:2      | Lost mutation: Your muscles are strong. (Str +4, Int/Dex
                  | -1) [Xom's mischief]
101586 | D:2      | Gained mutation: You are completely covered in iridescent
                  | scales. (AC +6) [Xom's mischief]
101589 | D:2      | Noticed Oreareg the pandemonium lord
101619 | D:1      | Noticed Siopano the pandemonium lord
101626 | D:$      | Escaped with the Orb!

Illustrated notes

Levels and vault maps discovered:
D:1:      minmay_arrival_radiant_lines, layout_loops_cross
D:2:      layout_basic, serial_shops, shop, uniq_natasha, uniq_jessica
D:3:      layout_basic, serial_curves, eino_curves_02, eino_curves_01,
          eino_curves_03
D:4:      layout_basic, nemelex_dance_club_becter
D:5:      layout_basic, uniq_duvessa
D:6:      layout_loops_cross, mainiacjoe_overflow_catwalk,
          minmay_temple_entry_sparse_star
D:7:      layout_gridville, gammafunk_temple_overflow_claw
D:8:      layout_loops_ring, amcnicky_altar_gilded
D:9:      layout_gridville, nicolae_dithmenos_through_a_glass_darkly,
          minmay_misc_feat_columns
D:10:     layout_loops_ring, mainiacjoe_overflow_swirl,
          due_lair_maze_entry_diamond, grunt_ministairs_13
D:11:     layout_long_grid
D:12:     layout_basic, david_orc_2, gammafunk_ghost_spectres
D:13:     cheibrodos_statue_roulette, layout_irregular_city,
          ximxim_vaults_locker_room, gammafunk_ghost_nasty_kobolds, uniq_sonja
D:14:     layout_loops_corners, minmay_misc_feat_encased, kennysheep_donut,
          bh_walls_and_bars
D:15:     hangedman_depths_entry_try_elsewhere_first, layout_layer_cave,
          enter_trove_5, hellmonk_sif_muna_bookshelves
Temple:   hellmonk_temple_divided_pantheon
Lair:1:   layout_cave_pods
Lair:2:   layout_roguey
Lair:3:   layout_cave_pods, elwin_shoals_entry_stream, dummy_spider_entry,
          lemuel_fruit_fields, uniq_rupert, uniq_josephine
Lair:4:   layout_cave_pods, grunt_megastairs_3
Lair:5:   evil_forest, layout_cave_pods, dpeg_slime_entry_corner,
          grunt_megastairs_1
Shoals:1: layout_shoals, gammafunk_ghost_tricky_traps, st_shoals_ruin
Shoals:2: layout_shoals, nicolae_splish_splash
Shoals:3: layout_shoals, nicolae_shoals_lost_giant_amphitheater, uniq_nikola,
          uniq_ilsuiw
Shoals:4: shoals_end_hellmonk_lost_city, uniq_polyphemus
Spider:1: layout_spider_delve
Spider:2: layout_spider_delve, nicolae_spider_acid_house, uniq_arachne
Spider:3: layout_cave_pods
Spider:4: grunt_spider_rune_circles, uniq_bai_suzhen
Slime:1:  layout_caves, nicolae_slime_getting_an_eyeful
Slime:2:  layout_caves
Slime:3:  layout_caves, basic_altar
Slime:4:  layout_caves
Slime:5:  slime_pit_nicolae_inversion
Orc:1:    layout_diamond_mine
Orc:2:    grunt_orc_community_town_hall, layout_caves,
          grunt_orc_community_big_house_2, grunt_orc_community_big_house_2,
          grunt_orc_community_house_2, grunt_orc_community_house_1,
          grunt_orc_community_house_1, grunt_orc_community_house_1,
          grunt_orc_community_house_3, grunt_orc_community_house_1,
          gauntlet_entry_generic, lightli_orcish_oven, uniq_azrael
Elf:1:    eino_elf_arrival_sip, layout_geoelf_grid, minmay_elf_necromancy
Elf:2:    nicolae_elf_blades_splatter_lattice [nicolae_blade_entry_pointy_end],
          layout_geoelf_diagonals, gammafunk_ghost_cemetery,
          nicolae_elf_double_double_double_trouble
Elf:3:    minmay_elf_hall_not_hex, layout_geoelf_castle, serial_shops, shop,
          st_stairs_6, minmay_misc_feat_rows, minmay_shop_star
Vaults:1: mu_enter_wizlab_2, grunt_vaults_twisty, v_misc_32,
          hangedman_vaults_stitches, nicolae_vaults_house_2,
          vaults_room_semicircle, vaults_room_semicircle, vaults_room_hallway,
          nicolae_vaults_weapon_check, sword_in_stone, ontoclasm_vaults_eye,
          layout_vaults_omnigrid, serial_shops, nicolae_shop_rolled_up
Vaults:2: ebering_ghost_xom, hangedman_vaults_capsules, nicolae_vaults_house_2,
          door_vault, v_misc_31, nicolae_vaults_lightning_bolt,
          nicolae_vaults_closet_pinwheel_4, nicolae_vaults_stepped_doors,
          ontoclasm_vaults_pinch, nicolae_vaults_two_Ls, layout_vaults_omnibox,
          uniq_mennas, uniq_zenata, uniq_aizul
Vaults:3: hangedman_vaults_cutoff, vaults_dpeg_doors,
          minmay_crypt_entry_necro_gods, v_rooms_1, st_lattice,
          nicolae_vaults_asterisk, nicolae_vaults_tetromino_L_2,
          layout_vaults_chaotic_city, uniq_boris, uniq_norris
Vaults:4: nicolae_vaults_angled_halls, nicolae_vaults_tetromino_Z_2,
          nicolae_vaults_murder_corner, v_misc_30, hangedman_vaults_restitches,
          vaults_mumra_minichess_inversion, v_rooms_6, vaults_dpeg_hooks,
          v_misc_29, hangedman_vaults_stream, v_misc_24,
          nicolae_vaults_variable_pillar_hall, layout_vaults_maze_snakey,
          uniq_saint_roka
Vaults:5: uniq_xtahua
Depths:1: layout_gridlike, enter_ziggurat_e, hellmouth_1, roderic_lattice_a,
          gammafunk_ghost_ooze, serial_glass, glass_columns_b, glass_columns_b,
          glass_columns_a, glass_columns_b, feat_on_display,
          due_unseen_surprise, nicolae_custom_books,
          chequers_serial_rivers_room_a, kennysheep_windowed_goal
Depths:2: minmay_textured_paths, layout_gridlike,
          minmay_misc_feat_secret_circle, grunt_mini_vestibule,
          rand_demon_pan_entry_7
Depths:3: minmay_the_grid_square_5x5_4x4 [minmay_the_grid_square_5x5_misaligned,
          minmay_the_grid_square_5x5_inner_z,
          minmay_the_grid_square_5x5_inner_v,
          minmay_the_grid_square_5x5_two_walls_b,
          minmay_the_grid_square_5x5_bite,
          minmay_the_grid_square_5x5_prize_rear_guard,
          minmay_the_grid_square_5x5_prize_snowflake,
          minmay_the_grid_square_5x5_inverted_slash,
          minmay_the_grid_square_5x5_bracketed,
          minmay_the_grid_square_5x5_prize_waves,
          minmay_the_grid_square_5x5_prize_itemx,
          minmay_the_grid_square_5x5_tri_point,
          minmay_the_grid_square_5x5_intrusive_squares,
          minmay_the_grid_square_5x5_sharp_hourglass,
          minmay_the_grid_square_5x5_minivault,
          minmay_the_grid_square_5x5_dogpile], layout_twisted_cross,
          nicolae_tso_carved_into_rock, minmay_room_of_horrors, hell_entry
Depths:4: grunt_zot_entry_funnels, layout_honeycomb, serial_shops,
          nicolae_shop_bloodbath_and_beyond, hell_entry,
          nicolae_qazlal_eye_of_the_storm
Zot:1:    minmay_elemental_castle, layout_basic, hangedman_zot_spectrum,
          uniq_josephina
Zot:2:    grunt_zot_stairs_faceoff, layout_cathedral_of_symmetry,
          regret_index_zotdec_wing_it
Zot:3:    layout_onion_interference, regret_index_zotdec_serpentine_coiled,
          hangedman_player_shredder, uniq_vv
Zot:4:    layout_concentric_octagons, skrybe_zot_glass_3,
          regret_index_zotdec_dark_gr
Zot:5:    layout_gridlike, grunt_ministairs_7

Skill      XL: |  1  2  3  4  5  6  7  8  9 10 11 12 13 14 15 16 17 18 19 20 21 22 23 24 25 26 27 |
---------------+----------------------------------------------------------------------------------+-----
Stealth        | 2 3 4 5 6 7 11 15 | 15.0
Long Blades    | 4 |  4.0
Maces & Flails | 1 3 4 6 9 12 13 14 15 16 17 22 | 22.0
Shields        | 2 8 12 13 14 15 16 17 18 19 20 | 20.5
Fighting       | 4 7 9 10 11 13 16 18 19 20 21 | 21.6
Evocations     | 2 5 7 9 10 11 13 15 | 15.1
Translocations | 3 4 6 8 11 12 13 14 15 16 | 16.0
Armour         | 3 4 6 9 10 11 13 16 | 16.5
Throwing       | 2 3 4 13 16 | 16.0
Spellcasting   | 1 4 5 7 8 |  8.0
Necromancy     | 8 10 11 | 11.0
Dodging        | 2 5 8 9 |  9.1
Air Magic      | 5 7 |  7.1
Earth Magic    | 4 |  4.1

Action                     |  1- 3 |  4- 6 |  7- 9 | 10-12 | 13-15 | 16-18 | 19-21 | 22-24 | 25-27 || total
---------------------------+-------+-------+-------+-------+-------+-------+-------+-------+-------++-------
  Melee: Falchion          |    62 |    90 |       |       |       |       |       |       |       ||   152
         Whip              |       |    40 |   280 |   531 |  1261 |       |       |       |       ||  2112
         Flail             |       |       |     1 |    50 |       |       |       |       |       ||    51
         Constrict         |       |       |       |       |   228 |   211 |   166 |   137 |   123 ||   865
         Headbutt          |       |       |       |       |   128 |   340 |   250 |   217 |   297 ||  1232
         Morningstar       |       |       |       |       |    57 |  1293 |   577 |       |       ||  1927
         Eveningstar       |       |       |       |       |       |       |  1024 |  1702 |  2126 ||  4852
  Throw: Dart              |       |       |       |     1 |     1 |     8 |     1 |       |       ||    11
         Boomerang         |       |       |       |       |     1 |       |    53 |       |       ||    54
         Javelin           |       |       |       |       |       |       |       |       |     6 ||     6
   Cast: Manifold Assault  |       |       |       |       |       |   167 |   471 |   561 |   654 ||  1853
         Blink             |       |       |       |       |       |     1 |     2 |       |       ||     3
         Fugue of the Fall |       |       |       |       |       |       |     5 |    21 |    26 ||    52
         Vhi's Electric Ch |       |       |       |       |       |       |       |       |     9 ||     9
Ability: Spit Poison       |    20 |    26 |    30 |     4 |     9 |     8 |       |       |     1 ||    98
         Breathe Poison Ga |       |       |       |    15 |    11 |    14 |     5 |     2 |       ||    47
  Evoke: Wand              |       |       |     1 |     3 |    10 |     8 |    10 |       |     9 ||    41
         Sack of spiders   |       |       |       |       |     2 |     2 |       |       |       ||     4
         Phantom mirror    |       |       |       |       |     1 |     1 |     4 |       |     1 ||     7
         Condenser vane    |       |       |       |       |       |     1 |     1 |     2 |     1 ||     5
         Lightning rod     |       |       |       |       |       |       |     3 |       |     8 ||    11
         Phial of floods   |       |       |       |       |       |       |     1 |       |       ||     1
         Box of beasts     |       |       |       |       |       |       |       |       |     3 ||     3
    Use: Scroll            |       |     4 |     7 |     4 |    10 |    10 |    11 |     3 |    21 ||    70
         Potion            |       |     6 |     2 |       |     3 |     2 |     3 |     1 |     9 ||    26
   Stab: Sleeping          |     2 |     1 |     1 |     4 |    18 |     9 |    11 |     1 |     7 ||    54
         Distracted        |       |       |     1 |       |     5 |     5 |     6 |     4 |     2 ||    23
         Confused          |       |       |     1 |     5 |     9 |    12 |     6 |     6 |       ||    39
         Paralysed         |       |       |       |     2 |       |     4 |     2 |       |       ||     8
         Invisible         |       |       |       |       |     3 |     1 |       |       |       ||     4
         Petrified         |       |       |       |       |       |    17 |     1 |     4 |       ||    22
         Petrifying        |       |       |       |       |       |     1 |       |       |       ||     1
         Held in net/web   |       |       |       |       |       |       |     2 |       |       ||     2
 Armour: Leather armour    |    59 |    98 |   129 |   240 |   386 |   227 |       |       |       ||  1139
         Skin              |       |    19 |       |       |       |       |       |       |       ||    19
         Scale mail        |       |       |       |       |       |   390 |   473 |   101 |       ||   964
         Acid dragon scale |       |       |       |       |       |    10 |       |       |       ||    10
         Robe              |       |       |       |       |       |       |       |   242 |   960 ||  1202
  Dodge: Dodged            |    40 |    46 |   160 |   233 |   441 |   548 |   223 |   263 |   647 ||  2601
  Block: Buckler           |       |     8 |    15 |     4 |       |       |       |       |       ||    27
         Kite shield       |       |       |       |   131 |   884 |  1145 |   824 |   753 |  1173 ||  4910
         Reflection        |       |       |       |       |       |       |    64 |    30 |       ||    94

Table legend: (Time is in decaauts)
 A = Elapsed time spent in this place.
 B = Non-inter-level travel time spent in this place.
 C = Inter-level travel time spent in this place.
 D = Time resting spent in this place.
 E = Time spent auto-exploring this place.
 F = Levels seen in this place.
 G = Mean time per level.
                   A        B        C        D        E       F      G
               +--------+--------+--------+--------+--------+-----+--------+
         Total | 117656 | 105237 |  12419 |  24181 |  63911 |  66 | 1782.7 |
       Dungeon |  25092 |  21329 |   3763 |   5728 |  12398 |  15 | 1672.8 |
        Temple |      1 |      1 |      0 |      0 |      0 |   1 |    1.0 |
          Lair |  11416 |   8773 |   2643 |   1413 |   5970 |   5 | 2283.2 |
        Shoals |   9576 |   8644 |    932 |   1895 |   5471 |   4 | 2394.0 |
   Spider Nest |   7560 |   6888 |    672 |   1745 |   3967 |   4 | 1890.0 |
    Slime Pits |   5616 |   5394 |    222 |   2090 |   2160 |   5 | 1123.2 |
  Orcish Mines |   3393 |   2809 |    584 |    608 |   1458 |   2 | 1696.5 |
   Elven Halls |  10050 |   9361 |    689 |   2953 |   4968 |   3 | 3350.0 |
        Vaults |  15397 |  14334 |   1063 |    905 |  11634 |   5 | 3079.4 |
        Depths |  11035 |  10287 |    748 |   1476 |   7730 |   4 | 2758.8 |
           Zot |  13360 |  12262 |   1098 |   3989 |   6590 |   5 | 2672.0 |
         Abyss |   1274 |   1274 |      0 |      4 |     29 |   3 |  424.7 |
      Ziggurat |    921 |    921 |      0 |     37 |    631 |   7 |  131.6 |
         Trove |    159 |    159 |      0 |    100 |      5 |   1 |  159.0 |
        Wizlab |   2115 |   2115 |      0 |   1083 |    629 |   1 | 2115.0 |
      Gauntlet |    683 |    683 |      0 |    152 |    264 |   1 |  683.0 |
               +--------+--------+--------+--------+--------+-----+--------+

Top non-repeatable levels by time:
   Elf:3: 4552 daAuts
   Zot:5: 3959 daAuts
   Zot:2: 3947 daAuts
Vaults:5: 3798 daAuts
Depths:4: 3322 daAuts
   Elf:2: 3105 daAuts
Vaults:1: 3045 daAuts
Vaults:2: 3009 daAuts
  Lair:3: 2897 daAuts
Depths:2: 2878 daAuts
Shoals:3: 2833 daAuts
Vaults:4: 2818 daAuts
   Zot:4: 2785 daAuts
Shoals:4: 2733 daAuts
Vaults:3: 2724 daAuts
